Workbook

Sheet Allgemeine Daten
E3: VdDD- Herbstumfrage 2026
B4: Inhalt
B5: Allgemeine Angaben | C5: Fragen 1-5
B6: Personalstruktur* | C6: Fragen 6-10
B7: Tarifentwicklung* | C7: Fragen 11-22
B8: Öffnungsklauseln* | C8: Fragen 23-25
B9: Sozialreformen | C9: Fragen 26-29
B10: Geschäftsentwicklung | C10: Fragen 30-37
B11: Kosten, Cybersicherheit & Nachhaltigkeit | C11: Fragen 38-48
B22: Methodische Hinweise:
B24: * = Pflichtangabe
B25: Es gibt 11 inhaltliche Fragen die besonders wichtig für unsere Arbeit und die der Arbeitsrechtlichen Kommissionen sind.
B26: Alle befinden sich auf den roten Tabllenblättern. Sollten Sie nur wenig Zeit haben, füllen Sie bitte zumindest diese Fragen aus. Vielen Dank.
B28: Die auszufüllenden Flächen sind farblich markiert.
B29: Bitte die Felder bei Zustimmung mit einem x markieren. Bei Angaben zu Anzahlen oder Anteilen bitte numerische Zahlen verwenden.
B30: Bei Aufzählungen oder Texten bitte Satzzeichen zur Trennung verwenden.
B32: Ihre Daten werden absolut vertraulich behandelt. Unsere Hinweise zur Datenschutzverarbeitung finden Sie unter www.v3d.de/datenschutz
B33: Datenschutzrechtliche Einwilligungserklärung nach DSGVO.
B35: Bitte ankreuzen:
B36: Einwilligungserklärung
B37: FALSE | C37: Ja, Ich bin damit einverstanden, dass die von mir gesammelten Daten für die satzungsgemäßen Zwecke des VdDD e.V. gespeichert und verarbeitet werden
A41: 1 | B41: Name des Unternehmens bzw. des Trägers / Konzernverbundes: | K41: 1 | L41: von 5 Fragen auf dieser Seite
A44: =A41+1 -> 2 | B44: Welche Rechtsform hat Ihr Unternehmen? | K44: 2 | L44: von 5 Fragen auf dieser Seite
F45: "Bitte auswählen"
C46: Sonstige Rechtsform (bitte angeben)
A48: =A44+1 -> 3 | B48: Gehört Ihr Unternehmen zu einem Konzernverbund? Wenn ja, zu welchem? | K48: 3 | L48: von 5 Fragen auf dieser Seite
A51: =A48+1 -> 4 | B51: Bei Zugehörigkeit zu einem Konzern - auf welchen Bereich beziehen sich Ihre Antworten? | K51: 4 | L51: von 5 Fragen auf dieser Seite
F52: "Bitte auswählen"
A54: =A51+1 -> 5 | B54: An welche E-Mail Adresse soll die Auswertung gesendet werden? (Bitte nur eine eintragen.) | K54: 5 | L54: von 5 Fragen auf dieser Seite
B55: E-Mail-Adresse:
C58: Weiter auf Seite 2 Personalstruktur

Sheet Personalstruktur
D3: Personalstruktur
C5: ='Allgemeine Daten'!A54+1 -> 6 | D5: In welchem Diakonischen Werk (DW) ist Ihr Unternehmen Mitglied?
D6: Zutreffendes bitte mit einem x markieren, Mehrfachantworten möglich.
C7: Mitgliedschaft | D7: Diakonisches Werk | H7: Inhalt
C8: FALSE | D8: Diakonie Hessen - DW in Hessen und Nassau und Kurhessen-Waldeck e.V. | H8: Allgemeine Angaben | I8: Fragen 1-5
C9: FALSE | D9: Diakonie Rheinland-Westfalen-Lippe e.V. | H9: Personalstruktur* | I9: Fragen 6-10
C10: FALSE | D10: DW Berlin-Brandenburg-schlesische Oberlausitz e.V. | H10: Frage 6* | I10: Mitgliedschaft im DW !
C11: FALSE | D11: DW Bremen e.V. | H11: Frage 8* | I11: Beschäftigtenstruktur !
C12: FALSE | D12: DW der Ev. Kirche der Pfalz e.V. | H12: Tarifentwicklung* | I12: Fragen 11-22
C13: FALSE | D13: DW der Ev. Kirche in Württemberg e.V. | H13: Öffnungsklauseln* | I13: Fragen 23-25
C14: FALSE | D14: DW der Ev. Landeskirche in Baden e.V. | H14: Sozialreformen | I14: Fragen 26-29
C15: FALSE | D15: DW der Ev.-Luth. Kirche in Bayern e.V. | H15: Geschäftsentwicklung | I15: Fragen 30-37
C16: FALSE | D16: DW der Ev.-Luth. Kirche in Oldenburg e.V. | H16: Kosten, Digitales & Nachhaltigkeit | I16: Fragen 38-48
C17: FALSE | D17: DW der Ev.-Luth. Landeskirche Sachsens e.V.
C18: FALSE | D18: DW der Ev.-Luth. Landeskirche Schaumburg-Lippe e.V.
C19: FALSE | D19: DW in Niedersachsen e.V.
C20: FALSE | D20: DW der Ev.-ref. Kirche e.V. in Niedersachsen
C21: FALSE | D21: DW Ev. Kirchen in Mitteldeutschland e.V.
C22: FALSE | D22: DW Hamburg – Landesverband der Inneren Mission e.V.
C23: FALSE | D23: DW Mecklenburg-Vorpommern e.V.
C24: FALSE | D24: DW Schleswig-Holstein – Landesverband der Inneren Mission e.V.
C26: =C5+1 -> 7 | D26: In welchen Bundesländern ist Ihr Unternehmen tätig? Falls es ohne großen Aufwand möglich ist, wie viele Beschäftigte haben Sie in den einzelnen Bundesländern?
C27: Tätigkeit | D27: Zutreffendes bitte markieren, Mehrfachantworten möglich. | E27: Anzahl der Beschäftigten
C28: FALSE | D28: Bundesweit | E28: 0
C29: FALSE | D29: Baden-Württemberg | E29: 0
C30: FALSE | D30: Bayern | E30: 0
C31: FALSE | D31: Berlin | E31: 0
C32: FALSE | D32: Brandenburg | E32: 0
C33: FALSE | D33: Bremen | E33: 0
C34: FALSE | D34: Hamburg | E34: 0
C35: FALSE | D35: Hessen | E35: 0
C36: FALSE | D36: Niedersachsen | E36: 0
C37: FALSE | D37: Nordrhein-Westfalen | E37: 0
C38: FALSE | D38: Mecklenburg-Vorpommern | E38: 0
C39: FALSE | D39: Rheinland-Pfalz | E39: 0
... C44: FALSE | D44: Schleswig-Holstein | E44: 0
C46: =C26+1 -> 8 | D46: Wie viele Beschäftigte*, Auszubildende und Freiwilligendienstleistende haben Sie in den verschieden Arbeitsfeldern, in denen Ihr Unternehmen tätig ist?
D47: Bitte die Anzahl der sozialversicherungspflichtig Beschäftigten (Köpfe, Stichtag 30.06.2026, ggfs schätzen) eintragen.
D48: Mehrfachantworten möglich.
D49: Hilfefeld | E49: Anzahl Beschäftigte | F49: Anzahl Auszubildende, Schüler u. Praktikanten | G49: Anzahl Bundesfreiwilligendienstleistende & Freiwillige im Sozialen/Ökologischen Jahr | H49: Anzahl Beschäftigter im gesetzlichen Rentenalter | I49: Anzahl Beschäftigter in geringfügiger Beschäftigung
D50: Beschäftigte im gesamten Unternehmen | E50: 0 | F50: 0 | G50: 0 | H50: 0 | I50: 0
D51: Altenhilfe (stationäre Pflegeeinrichtungen, ambulante Dienste, Hospize) | E51: 0 | F51: 0 | G51: 0 | H51: 0 | I51: 0
D52: Eingliederungshilfe (Wohneinrichtungen, ambulante Dienste, Werkstätten/Integrationsbetriebe, Sonderschulen f. Menschen mit Behinderung) | E52: 0 | F52: 0 | G52: 0 | H52: 0 | I52: 0
D53: Sozialpädagogische Familienhilfe (ambulante Hilfen, Beratungsstellen) | E53: 0 | F53: 0 | G53: 0 | H53: 0 | I53: 0
D54: Hilfen für Menschen in besonderen sozialen Situationen (Hilfen für Arbeitslose, Flüchtlinge, Wohnungslose) | E54: 0 | F54: 0 | G54: 0 | H54: 0 | I54: 0
D55: Kinder- und Jugendhilfe (stationäre und ambulante Hilfen, Beratungsstellen, Tageseinrichtungen, Sonderschulen f. Kinder – u. Jugendliche) | E55: 0 | F55: 0 | G55: 0 | H55: 0 | I55: 0
D56: Krankenhilfe (Krankenhäuser, MVZ, ambulante Dienste, Rehabilitation) | E56: 0 | F56: 0 | G56: 0 | H56: 0 | I56: 0
D57: Sonstige Hilfen (Wohnheime, Fachschulen, ev. Volkshochschulen) | E57: 0 | F57: 0 | G57: 0 | H57: 0 | I57: 0
D58: Auf eine weiterführende Differenzierung der Arbeitsfelder verzichten wir zugunsten der Übersichtlichkeit.
C60: =C46+1 -> 9 | D60: Wie viele Beschäftigte sind in den folgenden Berufsgruppen in Ihrem Unternehmen beschäftigt?
D61: Bitte geben Sie entweder die Anzahl oder den prozentualen Anteil an. Falls genaue Angaben nicht möglich sind, schätzen Sie bitte! Bei nicht vorkommenden Gruppen bitte „0“ eintragen! | E61: Anzahl | F61: Anteil
D62: Ärzte und Ärztinnen | E62: 0 | F62: 0
D63: Pädagogische Fachkräfte | E63: 0 | F63: 0
D64: Pflegefachkräfte | E64: 0 | F64: 0
D65: Kaufmännische Fachkräfte | E65: 0 | F65: 0
C67: =C60+1 -> 10 | D67: Wie bewerten Sie folgenden Maßnahmen, um die Personalgewinnung und Personalbindung zu verbessern? | F67: Bewertung
D68: Bitte wählen Sie zwischen sehr gut und sehr schlecht aus. Zutreffendes bitte markieren, Mehrfachantworten möglich. | E68: Bietet unser Unternehmen an | F68: sehr gut | G68: gut | H68: schlecht | I68: sehr schlecht
D69: Hohe langfristige Arbeitsplatzsicherheit | E69: FALSE | F69: FALSE | G69: FALSE | H69: FALSE | I69: FALSE
D70: Zahlung von Wechsel- und Anwerbeprämien | E70: FALSE | F70: FALSE | G70: FALSE | H70: FALSE | I70: FALSE
D71: Moderne technische und digitale Arbeitsplatzausstattung | E71: FALSE | F71: FALSE | G71: FALSE | H71: FALSE | I71: FALSE
D72: Prämien/Zulagen für Übernahme hoher Belastungen (Einspringen, ungünstige Dienste u.a.) | E72: FALSE | F72: FALSE | G72: FALSE | H72: FALSE | I72: FALSE
D73: Wunscharbeitszeit im Dienstplan | E73: FALSE | F73: FALSE | G73: FALSE | H73: FALSE | I73: FALSE
D74: tarifliche Entlastungstage | E74: FALSE | F74: FALSE | G74: FALSE | H74: FALSE | I74: FALSE
D75: Flexteams und/oder Springerpool | E75: FALSE | F75: FALSE | G75: FALSE | H75: FALSE | I75: FALSE
D76: Homeoffice und Remotework | E76: FALSE | F76: FALSE | G76: FALSE | H76: FALSE | I76: FALSE
D77: Altersteilzeit und andere Modelle der Flexibilisierung des Ruhestandseintritts | E77: FALSE | F77: FALSE | G77: FALSE | H77: FALSE | I77: FALSE
D78: Arbeitszeitkonten/Langzeitkonten | E78: FALSE | F78: FALSE | G78: FALSE | H78: FALSE | I78: FALSE
D79: Flexible Arbeitszeiten (z. B. Gleitzeit, gewünschte Teilzeit) | E79: FALSE | F79: FALSE | G79: FALSE | H79: FALSE | I79: FALSE
D80: Reduzierte Regel-Wochenarbeitszeit und/oder tarifliche Arbeitszeitkorridore | E80: FALSE | F80: FALSE | G80: FALSE | H80: FALSE | I80: FALSE
... D92: Sonstige | E92: FALSE | F92: FALSE | G92: FALSE | H92: FALSE | I92: FALSE
E94: Inhalt
E95: Fragen 1-5 | F95: Allgemeine Angaben
E96: Fragen 6-10 | F96: Personalstruktur*
E97: Fragen 11-22 | F97: Tarifentwicklung*
D98: Weiter auf Seite 3 Tarifentwicklung | E98: Fragen 23-25 | F98: Öffnungsklauseln*
E99: Fragen 26-29 | F99: Sozialreformen
E100: Fragen 30-37 | F100: Geschäftsentwicklung
E101: Fragen 38-48 | F101: Kosten, Cybersicherheit & Nachhaltigkeit

Sheet Tarifentwicklung
D2: Tarifentwicklung und Beschäftigtenstruktur
C5: =Personalstruktur!C67+1 -> 11 | D5: Wie viele Beschäftigte haben Sie in den unterschiedlichen Tarifwerken?
D6: Bitte die Anzahl der sozialversicherungspflichtig Beschäftigten (Köpfe, Stichtag 30.06.2025, ggfs schätzen) neben das Tarifwerk eintragen.
D7: Mehrfachantworten möglich. Bitte Zahlen eintragen
D8: "Bitte auswählen" | E8: ANZAHL BESCHÄFTIGTE
D9: Ärzte: TV-Ärzte (VKA-Marburger Bund) | E9: 0 | G9: Inhalt
D10: Ärzte: TV-Ärzte-KF (RWL) | E10: 0 | G10: Allgemeine Angaben | H10: Fragen 1-5
D11: Ärzte: TV-Ärzte-TdL Unikliniken (Marburger Bund) | E11: 0 | G11: Personalstruktur* | H11: Fragen 6-10
D12: AVR Caritas | E12: 0 | G12: Tarifentwicklung* | H12: Fragen 11-22
D13: AVR Diakonie Deutschland | E13: 0 | G13: Frage 10* | H13: Beschäftigte in Tarifen !
D14: AVR Diakonie Deutschland – Fassung Baden | E14: 0 | G14: Frage 13* | H14: bessere Vergütung !
D15: AVR DW Berlin-Brandenburg-schlesische Oberlausitz West | E15: 0 | G15: Frage 14* | H15: geringere Vergütung !
D16: AVR DW Berlin-Brandenburg-schlesische Oberlausitz Ost | E16: 0 | G16: Frage 15* | H16: Lohn oberhalb d. Tarifs
D17: AVR DW Bayern | E17: 0 | G17: Frage 16* | H17: Anteil oberhalb d. Tarifs
D18: AVR DW Kurhessen-Waldeck | E18: 0 | G18: Frage 17* | H18: Instrumente für Vergütung
D19: AVR DW Mecklenburg-Vorpommern | E19: 0 | G19: Frage 18* | H19: Änderungsbedarfe
D20: AVR DW Sachsen | E20: 0 | G20: Frage 19* | H20: Servicebereiche
D21: AVR DW Württemberg (I. Buch - TVöD) | E21: 0 | G21: Frage 20* | H21: Tarifwerke im Servicebereich
... D25: AVR DWBO Anlage Johanniter | E25: 0 | G25: Kosten, Digitales & Nachhaltigkeit | H25: Fragen 39-49
D26: Beamtenbesoldung | E26: 0
D27: Bundesangestelltentarifvertrag in kirchlicher Fassung (BAT-KF) | E27: 0
D28: Kirchlicher Tarifvertrag Diakonie in Nordelbien (KTD) | E28: 0
D29: TV Diakonie Niedersachsen | E29: 0
D30: TV Ev. Kirche Berlin Brandenburg-schlesische Oberlausitz (TV-EKBO) | E30: 0
D31: TV-L | E31: 0
D32: TVöD (Kommunen) | E32: 0
D33: TVöD (Bund) | E33: 0
D34: Haustarifvertrag | E34: 0
D35: Orientierung an kirchlich-diakonischer Kollektivregelung (Bsp: nur Entgelttabelle) | E35: 0
D36: Frei verhandelte Vergütung | E36: 0
C38: =C5+1 -> 12 | D38: Wenden Sie Tarifwerke an, die nicht aufgeführt sind? Wenn ja, welche und für wie viele Beschäftigte gelten sie?
D39: Zahlen bitte mit Komma abgrenzen.
D40: …...
C44: =C38+1 -> 13 | D44: Welche der genannten festen Zulagen und flexiblen Zuschläge (sofern in Ihrem Tarif vorhanden) haben Sie wievielen Ihrer Beschäftigten im Juni 2025 gezahlt?
D45: Bitte geben Sie entweder die Anzahl an oder schätzen Sie den prozentualen Anteil. Falls genaue Angaben nicht möglich sind, schätzen Sie bitte! Bei nicht vorkommenden Gruppen bitte „0“ eintragen! | E45: Anzahl d. Beschäftigten | F45: Anteil an Gesamtzahl der Beschäftigten
D46: Sonntagszuschlag
D47: Samstagszuchlag
D48: Zulage für Pflege und Betreuung
D49: Kinderzulage
D50: Schichtzulage (allgemein)
D51: Wechselschichtzulage (allgemein)
D52: Schichtzulage (Ärztinnen & Ärzte)
D53: Wechselschichtzulage (Ärztinnen & Ärzte)
D54: Intensivzulage
C56: =C44+1 -> 14 | D56: Welches Tarifwerk möchten Sie nun in den Fragen 14, 15 und 19 bewerten und kommentieren?
D57: "Bitte auswählen"
C60: =C56+1 -> 15 | D60: Welche Berufsgruppen in welchem Hilfefeld sollten aktuell in dem für Sie gültigen Tarifwerk besser vergütet werden?
D61: In Frage 14 bitte das bewertete Tarifwerk eintragen!
D62: Berufsgruppe | E62: Hilfefeld | F62: Vergütung ist um X % zu niedrig
C69: =C60+1 -> 16 | D69: Welche Berufsgruppen in welchem Hilfefeld sollten aktuell in dem für Sie gültigen Tarifwerk geringer vergütet werden?
D70: Berufsgruppe | E70: Hilfefeld | F70: Vergütung ist um X % zu hoch
C77: =C69+1 -> 17 | D77: Zahlen Sie einzelnen Beschäftigten Löhne und Gehälter oberhalb* Ihres angewandten Tarifwerkes?
D78: Zutreffendes bitte markieren. | E78: Ja | F78: Nein
E79: FALSE | F79: FALSE
C81: =C77+1 -> 18 | D81: Falls ja, für wie viel Prozent der Beschäftigten zahlen Sie über dem Tariflohn? | E81: Anteil in % der Beschäftigten
D82: Falls eine genaue Angabe nicht möglich ist, bitte schätzen Sie. | E82: 0
C85: =C81+1 -> 19 | D85: Welche Instrumente werden in Ihrem Unternehmen genutzt, um bei Bedarf Ihren Beschäftigten eine höhere Vergütung zu zahlen?
D86: Bspw. Zulagen, vorgezogene Stufensteigerungen etc…
D87: …...
C91: =C85+1 -> 20 | D91: Welche Änderungsbedarfe sehen Sie bei der Entgeltsystematik und den Mantelreglungen?
D92: etwa: Entgelthöhe, Stufenlaufzeiten, Vergütungsabstände ; Mantelregelungen bspw. Arbeitszeit, Urlaubsregelungen, Funktionszuschläge
D93: …...
C103: =C91+1 -> 21 | D103: Welche Tarifwerke wenden Sie in den Servicebereichen (etwa: Gebäudereinigung, Küche) an und für wie viele Beschäftigte gelten sie?
D104: Bitte die Anzahl der sozialversicherungspflichtig Beschäftigten (Köpfe, Stichtag 30.06.2025, ggfs schätzen) in die Felder eintragen.
D105: Mehrfachantworten möglich. Bitte Zahlen eintragen
E106: Kirchlich-diakonische Tarifwerke / TV öffentlicher Dienst | F106: Branchenüblicher Tarifvertrag (etwa: TV Hotel- und Gaststättengewerbe, TV Gebäudereinigung) | G106: Frei verhandelte Verträge / betriebsindividuelle Arbeitsordnung
E107: BESCHÄFTIGTE | F107: BESCHÄFTIGTE | G107: BESCHÄFTIGTE
D108: Allgemeine Verwaltung
D109: Arbeitsrechtsberatung
D110: Apotheken
D111: Küchendienste & Catering
D112: Finanz- und Rechnungswesen
D113: IT
D114: Einkauf / Beschaffung
D115: Fahrdienste / Logistik / Fuhrpark
D116: Garten- und Landschaftsbau
D117: Gebäudereinigung
D118: Gesundheitsmanagement und Arbeitssicherheit
D119: Hauswirtschaftliche Dienstleistungen
... D124: Sonstiges
C126: =C103+1 -> 22 | D126: Wie sind die Servicebereiche in Ihrem Unternehmen organisiert?
D127: Falls einzelne Servicebereiche für Ihr Unternehmen nicht relevant sind, lassen Sie die Zeilen bitte frei.
D128: Zutreffendes bitte markieren, Mehrfachantworten möglich.
E129: Eigene Durchführung | F129: Ausgliederung in Tochter* mit Mitgliedschaft in Diakonischem Werk* | G129: Ausgliederung in Tochter* ohne Mitgliedschaft in Diakonischem Werk* | H129: Fremdvergabe
D130: Allgemeine Verwaltung | E130: FALSE | F130: FALSE | G130: FALSE | H130: FALSE
D131: Arbeitsrechtsberatung | E131: FALSE | F131: FALSE | G131: FALSE | H131: FALSE
D132: Apotheken | E132: FALSE | F132: FALSE | G132: FALSE | H132: FALSE
D133: Küchendienste & Catering | E133: FALSE | F133: FALSE | G133: FALSE | H133: FALSE
D134: Finanz- und Rechnungswesen | E134: FALSE | F134: FALSE | G134: FALSE | H134: FALSE
D135: IT | E135: FALSE | F135: FALSE | G135: FALSE | H135: FALSE
D136: Einkauf / Beschaffung | E136: FALSE | F136: FALSE | G136: FALSE | H136: FALSE
D137: Fahrdienste / Logistik / Fuhrpark | E137: FALSE | F137: FALSE | G137: FALSE | H137: FALSE
D138: Garten- und Landschaftsbau | E138: FALSE | F138: FALSE | G138: FALSE | H138: FALSE
D139: Gebäudereinigung | E139: FALSE | F139: FALSE | G139: FALSE | H139: FALSE
D140: Gesundheitsmanagement und Arbeitssicherheit | E140: FALSE | F140: FALSE | G140: FALSE | H140: FALSE
D141: Hauswirtschaftliche Dienstleistungen | E141: FALSE | F141: FALSE | G141: FALSE | H141: FALSE
... D146: Sonstiges | E146: FALSE | F146: FALSE | G146: FALSE | H146: FALSE
D147: *inkl. eigener Töchterunternehmen mit Beteiligung Dritter, oder andere Konzernunternehmen
E149: Inhalt
E150: Fragen 1-5 | F150: Allgemeine Angaben
...

Sheet Öffnungsklauseln
D2: Öffnungsklauseln
D3: Inhalt
D4: Allgemeine Angaben | E4: Fragen 1-5
D5: Personalstruktur* | E5: Fragen 6-10
D6: Tarifentwicklung* | E6: Fragen 11-22
D7: Öffnungsklauseln* | E7: Fragen 23-25
D8: Frage 24* | E8: Anwendung 2026
D9: Frage 25* | E9: Jahressonderzahlung
D10: Frage 26* | E10: Reduzierung Personalkosten
D11: Sozialreformen | E11: Fragen 26-29
D12: Geschäftsentwicklung | E12: Fragen 30-37
D13: Kosten, Cybersicherheit & Nachhaltigkeit | E13: Fragen 38-48
C15: =Tarifentwicklung!C126+1 -> 23 | D15: Plannen Sie bezogen auf das laufende Geschäftsjahr 2026 tarifliche Bestimmungen zur Absenkung der Jahresbruttogehälter ("Öffnungsklauseln") anzuwenden?
D16: Zutreffendes bitte markieren. | E16: Ja | F16: Nein
E17: FALSE | F17: FALSE
C19: =C15+1 -> 24 | D19: Haben Sie in Ihrem Unternehmen oder angeschlossenen Tochtergesellschaften in den vergangen Jahren gemäß Ihren Tarifwerken die Jahressonderzahlung vollständig oder nur teilweise (negatives betriebliches Ergebnis) ausgezahlt?
E20: Vollständig ausgezahlt | F20: Teilweise | G20: Anzahl der betroffenen Beschäftigten | H20: Hilfefeld
D21: 2025 | E21: FALSE | F21: FALSE
D22: 2024 | E22: FALSE | F22: FALSE
D23: 2023 | E23: FALSE | F23: FALSE
D24: 2022 | E24: FALSE | F24: FALSE
D25: 2021 | E25: FALSE | F25: FALSE
D26: 2020 | E26: FALSE | F26: FALSE
C28: =C19+1 -> 25 | D28: Haben Sie in Ihrem Unternehmen oder angeschlossenen Tochtergesellschaften in den vergangen Jahren gemäß Ihren Tarifwerken die Personalkosten aufgrund einer wirtschaftlichen Herausforderung reduziert?
E29: Ja | F29: Nein | G29: Anzahl der betroffenen Beschäftigten | H29: Hilfefeld | I29: Reduzierung in %
D30: 2025 | E30: FALSE | F30: FALSE
D31: 2024 | E31: FALSE | F31: FALSE
D32: 2023 | E32: FALSE | F32: FALSE
D33: 2022 | E33: FALSE | F33: FALSE
D34: 2021 | E34: FALSE | F34: FALSE
D35: 2020 | E35: FALSE | F35: FALSE
D38: Haben Sie allgemeine Anmerkungen zur Anwendung und Ausgestaltung der Öffnungklauseln in ihrem Tarif?
F43: Inhalt
F44: Fragen 1-5 | G44: Allgemeine Angaben
F45: Fragen 6-10 | G45: Personalstruktur*
F46: Fragen 11-22 | G46: Tarifentwicklung*
D47: Weiter auf Seite 5 Sozialreformen | F47: Fragen 23-25 | G47: Öffnungsklauseln*
F48: Fragen 26-29 | G48: Sozialreformen
F49: Fragen 30-37 | G49: Geschäftsentwicklung
F50: Fragen 38-48 | G50: Kosten, Cybersicherheit & Nachhaltigkeit

Sheet Sozialreformen
H2: Inhalt
H3: Fragen 1-5 | I3: Allgemeine Angaben
D4: Sozialreformen | H4: Fragen 6-10 | I4: Personalstruktur*
H5: Fragen 11-22 | I5: Tarifentwicklung*
H6: Fragen 23-25 | I6: Öffnungsklauseln*
H7: Fragen 26-29 | I7: Sozialreformen
H8: Fragen 30-37 | I8: Geschäftsentwicklung
H9: Fragen 38-48 | I9: Kosten, Cybersicherheit & Nachhaltigkeit
C10: =Öffnungsklauseln!C28+1 -> 26 | D10: In wie weit waren in ihrem Unternhemen einzelne Hilfefelder in den letzten 12 Monaten von der angespannten finanziellen Situation der öffentlichen Haushalte und Kassen betroffen?
D11: Falls eine genaue Angabe nicht möglich ist, bitte schätzen Sie.
E12: Erschwerte Finanzierung | F12: Leistungseinschränkung in 2026 | G12: Betriebsbedingte Kündigung | H12: Gefahr von Schließungen | I12: Gefahr von Insolvenzen
D13: Gesamtes Unternehmen | E13: FALSE | F13: FALSE | G13: FALSE | H13: FALSE | I13: FALSE
D14: Altenhilfe (stationäre Pflegeeinrichtungen, ambulante Dienste, Hospize) | E14: FALSE | F14: FALSE | G14: FALSE | H14: FALSE | I14: FALSE
D15: Eingliederungshilfe (Wohneinrichtungen, ambulante Dienste, Werkstätten/Integrationsbetriebe, Sonderschulen f. Menschen mit Behinderung) | E15: FALSE | F15: FALSE | G15: FALSE | H15: FALSE | I15: FALSE
D16: Sozialpädagogische Familienhilfe (ambulante Hilfen, Beratungsstellen) | E16: FALSE | F16: FALSE | G16: FALSE | H16: FALSE | I16: FALSE
D17: Hilfen für Menschen in besonderen sozialen Situationen (Hilfen für Arbeitslose, Flüchtlinge, Wohnungslose) | E17: FALSE | F17: FALSE | G17: FALSE | H17: FALSE | I17: FALSE
D18: Kinder- und Jugendhilfe (stationäre und ambulante Hilfen, Beratungsstellen, Tageseinrichtungen, Sonderschulen f. Kinder – u. Jugendliche) | E18: FALSE | F18: FALSE | G18: FALSE | H18: FALSE | I18: FALSE
D19: Krankenhilfe (Krankenhäuser, MVZ, ambulante Dienste, Rehabilitation) | E19: FALSE | F19: FALSE | G19: FALSE | H19: FALSE | I19: FALSE
D20: Sonstige Hilfen (Wohnheime, Fachschulen, ev. Volkshochschulen) | E20: FALSE | F20: FALSE | G20: FALSE | H20: FALSE | I20: FALSE
C23: =C10+1 -> 27 | D23: Im Zuge der verabschiedeten Sozialreformen oder geplanten Sozialreformen (GKV-Beitragssatzstabilisierungsgesetz sowie geplante Reformen in der der Alten-, Eingliederungs- sowie Kinder- und Jugendhilfe) sind Einschränkungen der Tarifrefinanzierung geplant. Wie werden Sie darauf reagieren?
D24: Zutreffendes bitte markieren. Mehrfachnennung möglich.
C25: FALSE | D25: Wir werden auch weiterhin wirtschaftlich arbeiten können
C26: FALSE | D26: Mehr Rücklagen einsetzen als bislang geplant
C27: FALSE | D27: Investitionen reduzieren oder verschieben
C28: FALSE | D28: Nutzung von Öffnungsklauseln
C29: FALSE | D29: Teile unseres Kerngeschäfts in kostengünstigere diakonische Tarifstrukturen verlagern
C30: FALSE | D30: Teile unseres Kerngeschäfts in kostengünstigere nichtdiakonische Tarifstrukturen verlagern
C31: FALSE | D31: Teile der Regieleistungen (z.B. Verpflegung, Reinigung) in kostengünstigere Tarifstrukturen verlagern oder fremdvergeben
C32: FALSE | D32: Frei werdende Stellen teilweise nicht wiederbesetzen
C33: FALSE | D33: Stellen abbauen
C34: FALSE | D34: Leistungen oder Angebote stärker bündeln beziehungsweise neu ausrichten
C35: FALSE | D35: Kooperationen mit anderen Trägern ausbauen
C36: FALSE | D36: Einen signifikanten Teil unseres Kerngeschäfts (> 5 % des Umsatzes) wegen Unwirtschaftlichkeit abgeben oder aufgeben
... C38: FALSE | D38: Sonstiges : Bitte angeben
C40: =C23+1 -> 28 | D40: Inwieweit stimmen Sie den folgenden Aussagen zu? | E40: Zustimmung
E41: Voll und ganz | F41: Stimme zu | G41: Teils, teils | H41: Stimme nicht zu | I41: Überhaupt nicht
D42: Der Sozialstaat braucht grundlegende Strukturreformen. | E42: FALSE | F42: FALSE | G42: FALSE | H42: FALSE | I42: FALSE
D43: Auch soziale Unternehmen müssen ihren Beitrag dazu leisten, Strukturen effizienter und wirksamer zu gestalten. | E43: FALSE | F43: FALSE | G43: FALSE | H43: FALSE | I43: FALSE
D44: Die anstehenden Reformen bieten die Chance, überkommene Strukturen zu verändern und Innovationen zu beschleunigen. | E44: FALSE | F44: FALSE | G44: FALSE | H44: FALSE | I44: FALSE
D45: Reformen müssen stärker auf die Wirksamkeit sozialer Leistungen ausgerichtet werden. | E45: FALSE | F45: FALSE | G45: FALSE | H45: FALSE | I45: FALSE
D46: Die bisherigen Reformansätze setzen zu stark auf Kostendämpfung und zu wenig auf grundlegende Strukturveränderungen. | E46: FALSE | F46: FALSE | G46: FALSE | H46: FALSE | I46: FALSE
D47: Einsparungen bei sozialen Leistungen dürfen nicht dazu führen, dass notwendige Angebote vor Ort wegfallen. | E47: FALSE | F47: FALSE | G47: FALSE | H47: FALSE | I47: FALSE
D48: Die derzeit absehbaren Reformen gefährden in einzelnen Bereichen die Versorgungssicherheit. | E48: FALSE | F48: FALSE | G48: FALSE | H48: FALSE | I48: FALSE
D49: Die Politik muss klarer priorisieren, welche sozialen Leistungen künftig verlässlich gewährleistet werden sollen. | E49: FALSE | F49: FALSE | G49: FALSE | H49: FALSE | I49: FALSE
D50: Ohne verlässliche Finanzierung können soziale Unternehmen die politisch erwarteten Leistungen und Qualitätsstandards künftig nicht im bisherigen Umfang gewährleisten. | E50: FALSE | F50: FALSE | G50: FALSE | H50: FALSE | I50: FALSE
D52: Ihre persönliche Meinung zu den Sozialreformen:
C54: =C40+1 -> 29 | D54: Der Entwurf des Pflegemodernisierungsgesetzes sieht die (begrenzte) Möglichkeit der Umwidmung von nicht besetzten Personalstellen in Digitalisierungsmittel vor. Planen Sie diese Möglichkeit zu nutzen?
D55: Nur für Pflegeeinrichtungen nach SGB XI, Zutreffendes bitte markieren.
C56: FALSE | D56: Ja
C57: FALSE | D57: Eventuell oder noch keine Entscheidung getroffen
C58: FALSE | D58: Nein
D60: Weiter auf Seite 6 Geschäftsentwicklung | E60: Inhalt
E61: Fragen 1-5 | F61: Allgemeine Angaben
E62: Fragen 6-10 | F62: Personalstruktur*
E63: Fragen 11-22 | F63: Tarifentwicklung*
E64: Fragen 23-25 | F64: Öffnungsklauseln*
E65: Fragen 26-29 | F65: Sozialreformen
E66: Fragen 30-37 | F66: Geschäftsentwicklung
E67: Fragen 38-48 | F67: Kosten, Cybersicherheit & Nachhaltigkeit

Sheet Geschäftsentwicklung
D2: Wirtschaftliche Entwicklung
C5: =Sozialreformen!C54+1 -> 30 | D5: Wie schätzen Sie die Umsatzrendite Ihres Unternehmens für das aktuelle Geschäftsjahr (2026) und das kommende Jahr ein? | I5: Inhalt
D6: Zutreffendes bitte markieren. | I6: Allgemeine Angaben | J6: Fragen 1-5
E7: Negativ | F7: ~0 (Neutral) | G7: Positiv | I7: Personalstruktur* | J7: Fragen 6-10
E8: (> -0,5) | F8: (-0,5 bis + 0,5) | G8: (> +0,5) | I8: Tarifentwicklung* | J8: Fragen 11-22
D9: Aktuelles Geschäftsjahr | E9: FALSE | F9: FALSE | G9: FALSE | I9: Öffnungsklauseln* | J9: Fragen 23-25
D10: Nächstes Geschäftsjahr | E10: FALSE | F10: FALSE | G10: FALSE | I10: Sozialreformen | J10: Fragen 26-29
I11: Geschäftsentwicklung | J11: Fragen 30-37
C12: =C5+1 -> 31 | D12: Bitte schätzen Sie die Umsatzrendite des laufenden Jahres für die unterschiedlichen Hilfefelder ein. | I12: Kosten, Cybersicherheit & Nachhaltigkeit | J12: Fragen 38-48
D13: Zutreffendes bitte markieren.
E14: Negativ | F14: ~0 (Neutral) | G14: Positiv
E15: (> -0,5) | F15: (-0,5 bis + 0,5) | G15: (> +0,5)
D16: Altenhilfe (stationäre Pflegeeinrichtungen, ambulante Dienste, Hospize) | E16: FALSE | F16: FALSE | G16: FALSE
D17: Eingliederungshilfe (Wohneinrichtungen, ambulante Dienste, Werkstätten/Integrationsbetriebe, Sonderschulen f. Menschen mit Behinderung) | E17: FALSE | F17: FALSE | G17: FALSE
D18: Sozialpädagogische Familienhilfe (ambulante Hilfen, Beratungsstellen) | E18: FALSE | F18: FALSE | G18: FALSE
D19: Hilfen für Menschen in besonderen sozialen Situationen (Hilfen für Arbeitslose, Flüchtlinge, Wohnungslose) | E19: FALSE | F19: FALSE | G19: FALSE
D20: Kinder- und Jugendhilfe (stationäre und ambulante Hilfen, Beratungsstellen, Tageseinrichtungen, Sonderschulen f. Kinder – u. Jugendliche) | E20: FALSE | F20: FALSE | G20: FALSE
D21: Krankenhilfe (Krankenhäuser, MVZ, ambulante Dienste, Rehabilitation) | E21: FALSE | F21: FALSE | G21: FALSE
D22: Sonstige Hilfen (Wohnheime, Fachschulen, ev. Volkshochschulen) | E22: FALSE | F22: FALSE | G22: FALSE
C24: =C12+1 -> 32 | D24: Wie bewerten Sie das allgemeine wirtschaftliche Risiko folgender Entwicklungen für Ihr Unternehmen?
D25: Bitte wählen Sie zwischen sehr gering und sehr hoch oder irrelevant. | E25: Nicht relevant | F25: Sehr gering | G25: gering | H25: hoch | I25: sehr hoch
D26: Nicht auslastbare Kapazitäten durch Arbeitskräftemangel | E26: FALSE | F26: FALSE | G26: FALSE | H26: FALSE | I26: FALSE
D27: Starke Kostensteigerung durch Löhne / Gehälter | E27: FALSE | F27: FALSE | G27: FALSE | H27: FALSE | I27: FALSE
D28: Starke Kostensteigerung durch steigende Energiepreise | E28: FALSE | F28: FALSE | G28: FALSE | H28: FALSE | I28: FALSE
D29: Starke Kostensteigerung durch allgemeine Inflation | E29: FALSE | F29: FALSE | G29: FALSE | H29: FALSE | I29: FALSE
D30: verspätete Zahlungen der Kostenträger | E30: FALSE | F30: FALSE | G30: FALSE | H30: FALSE | I30: FALSE
D31: Unterfinanzierung durch die Kostenträger | E31: FALSE | F31: FALSE | G31: FALSE | H31: FALSE | I31: FALSE
D32: Wachsender Marktanteil privater Träger | E32: FALSE | F32: FALSE | G32: FALSE | H32: FALSE | I32: FALSE
D33: Hohe Kosten durch wachsende bürokratische Anforderungen | E33: FALSE | F33: FALSE | G33: FALSE | H33: FALSE | I33: FALSE
D34: Hohe finanzielle Belastung durch nötige Investitionen in Immobilien | E34: FALSE | F34: FALSE | G34: FALSE | H34: FALSE | I34: FALSE
D35: Hohe Kosten durch Digitalisierung | E35: FALSE | F35: FALSE | G35: FALSE | H35: FALSE | I35: FALSE
D36: Hohe Kosten für IT-Sicherheit | E36: FALSE | F36: FALSE | G36: FALSE | H36: FALSE | I36: FALSE
D37: Höhere Investitions- oder Betriebskosten infolge des Klimaschutzes | E37: FALSE | F37: FALSE | G37: FALSE | H37: FALSE | I37: FALSE
... D44: Hohe Fehlzeiten/hoher Krankenstand/hoher Vertretungsbedarf | E44: FALSE | F44: FALSE | G44: FALSE | H44: FALSE | I44: FALSE
C46: =C24+1 -> 33 | D46: Was sind aktuell die größten unternehmerischen Herausforderungen für Ihr Unternehmen?
D47: Bitte trennen Sie Ihre einzelnen Punkte mit Kommata ab.
C55: =C46+1 -> 34 | D55: Wie haben sich Ihr Liquiditätsmanagement und die offenen Forderungen gegenüber Klientinnen und Klienten bzw. ihren Kostenträgern in den letzten 12 Monaten entwickelt?
C57: FALSE | D57: Wir haben unser Liquiditätsmanagement systematisch verbessert (z.B. Ausbau Mahnwesen, Beschleunigung Abrechnungen mit Kostenträgern usw.)
C58: FALSE | D58: Wir haben unser Liquiditätsmanagement nicht wesentlich verändert
C59: FALSE | D59: Die offenen Forderungen haben sich reduziert
C60: FALSE | D60: Die offenen Forderungen haben sich erhöht
C61: FALSE | D61: Die offenen Forderungen sind in etwa unverändert
C63: =C55+1 -> 35 | D63: In wie vielen Angelegenheiten zur Vergütung haben Sie eine Schiedsstelle oder ein Sozialgericht angerufen?
D64: Falls eine genaue Angabe nicht möglich ist, bitte schätzen Sie.
E65: 2025 | F65: 2026
D66: Altenhilfe (stationäre und teilstationärte Pflegeeinrichtungen, ambulante Dienste, Hospize)
D67: Eingliederungshilfe (Wohneinrichtungen, ambulante Dienste, Werkstätten/Integrationsbetriebe, Sonderschulen f. Menschen mit Behinderung)
D68: Kinder- und Jugendhilfe (stationäre und ambulante Hilfen, Beratungsstellen, Tageseinrichtungen, Sonderschulen f. Kinder – u. Jugendliche)
D69: Krankenhilfe (Krankenhäuser, MVZ, ambulante Dienste, Rehabilitation)
C71: =C63+1 -> 36 | D71: Einrichtungen: Wie viele Neugründungen, Fusionen, Insolvenzen oder Zu- und Verkäufe hat Ihr Unternehmen im letzten Jahr (2025) getätigt?
D72: Einrichtungen und Angebote im Sinne der Einrichtungsstatistik der Diakonie Deutschland. Falls eine genaue Angabe nicht möglich ist, bitte schätzen Sie.
E73: Neugründungen | F73: Zukäufe | G73: Fusionen | H73: Verkäufe | I73: Insolvenzen
D74: Altenhilfe (stationäre und teilstationärte Pflegeeinrichtungen, ambulante Dienste, Hospize)
D75: Eingliederungshilfe (Wohneinrichtungen, ambulante Dienste, Werkstätten/Integrationsbetriebe, Sonderschulen f. Menschen mit Behinderung)
D76: Sozialpädagogische Familienhilfe (ambulante Hilfen, Beratungsstellen)
D77: Hilfen für Menschen in besonderen sozialen Situationen (Hilfen für Arbeitslose, Flüchtlinge, Wohnungslose)
D78: Kinder- und Jugendhilfe (stationäre und ambulante Hilfen, Beratungsstellen, Tageseinrichtungen, Sonderschulen f. Kinder – u. Jugendliche)
D79: Krankenhilfe (Krankenhäuser, MVZ, ambulante Dienste, Rehabilitation)
D80: Sonstige Hilfen (Wohnheime, Fachschulen, ev. Volkshochschulen)
C82: =C71+1 -> 37 | D82: Welches sind auf Gesamtunternehmensebene die wesentlichen "Investitionsfelder" im Jahr 2026?
C83: FALSE | D83: Personal
C84: FALSE | D84: Verbesserung der Wirtschaftlickeit
C85: FALSE | D85: Digitalisierung
C86: FALSE | D86: Weiterentwicklung der Geschäftsmodelle
C87: FALSE | D87: Immobilien
C88: FALSE | D88: Nachhaltigkeit
C89: FALSE | D89: Sonstige
E91: Inhalt
E92: Fragen 1-5 | F92: Allgemeine Angaben
E93: Fragen 6-10 | F93: Personalstruktur*
E94: Fragen 11-22 | F94: Tarifentwicklung*
D95: Weiter auf Seite 6 Kosten, Cybersicherheit Nachhaltigkeit | E95: Fragen 23-25 | F95: Öffnungsklauseln*
E96: Fragen 26-29 | F96: Sozialreformen
E97: Fragen 30-37 | F97: Geschäftsentwicklung
E98: Fragen 38-48 | F98: Kosten, Cybersicherheit & Nachhaltigkeit

Sheet Kosten, Cyber, Nachhaltigk.
D2: Wirtschaftliche Entwicklung
D4: Inhalt
D5: Allgemeine Angaben | E5: Fragen 1-5
D6: Personalstruktur* | E6: Fragen 6-10
D7: Tarifentwicklung* | E7: Fragen 11-22
D8: Öffnungsklauseln* | E8: Fragen 23-25
D9: Sozialreformen | E9: Fragen 26-29
D10: Geschäftsentwicklung | E10: Fragen 30-37
D11: Kosten, Cybersicherheit & Nachhaltigkeit | E11: Fragen 38-48
C14: =Geschäftsentwicklung!C82+1 -> 38 | D14: Mit welchen durchschnittlichen Steigerungen der Brutto-Personalkosten rechnen Sie innerhalb Ihres Gesamtbudgets im Jahr 2027?
C15: 0 | D15: Angabe in Prozent, Beispielantwort: 3%
C18: =C14+1 -> 39 | D18: Bitte nennen Sie die wichtigsten Faktoren für die erwarteten Personalkostensteigerungen in 2027 in Ihrem Unternehmen.
D19: Bitte trennen Sie ihre einzelnen Punkte mit Kommata ab.
C26: =C18+1 -> 40 | D26: Mit welchen durchschnittlichen Steigerungen der Brutto-Sachkosten rechnen Sie innerhalb Ihres Gesamtbudgets im Jahr 2027?
C27: 0 | D27: Angabe in Prozent, Beispielantwort: 3%
C29: =C26+1 -> 41 | D29: Bitte nennen Sie die wichtigsten Faktoren für die erwarteten Preissteigerungen bei Sachkosten in 2027 in Ihrem Unternehmen.
D30: Bitte trennen Sie ihre einzelnen Punkte mit Kommata ab.
D37: Cybersicherheit
C39: =C29+1 -> 42 | D39: Wie ist der Stand Ihres Unternehmens hinsichtlich der Betroffenheit durch NIS-2
D40: Zutreffende Antwort bitte markieren.
D41: Unser Unternehmen fällt ganz unter NIS-2
D42: Unser Unternehmen fällt teilweise unter NIS-2
D43: Wir setzen NIS-2 freiwillig im gesamten Unternehmen um
C45: =C39+1 -> 43 | D45: Wie weit sind die Cybersecurity-Anforderungen (gemäß NIS-2-Regulierung oder tatsächlichem Handlungsbedarfs) umgesetzt?
D46: Zutreffende Antwort bitte markieren.
D47: Die Anforderungen sind umgesetzt
D48: Die Umsetzung ist weit fortgeschritten
D49: Die Umsetzung hat begonnen
D50: Die Planung der Umsetzung läuft
D51: Wir haben noch nicht begonnen.
C53: =C45+1 -> 44 | D53: Kam es in den vergangenen 24 Monaten zu einem Cyber-Vorfall, der zu Einschränkungen des Geschäftsbetriebs geführt hat?
D54: Zutreffende Antwort bitte markieren.
D55: Ja
D56: Nein
C57: Falls Ja, welcher Art? | D57: …..
C59: =C53+1 -> 45 | D59: Welchen Anteil Ihres Jahresumsatzes hat Ihr Unternehmen im vergangenen Geschäftsjahr ungefähr für Cybersicherheit aufgewendet (Personal- und Sachkosten einschl. Fremdleistungen)?
D60: Zutreffende Antwort bitte markieren.
D61: Weniger als 0,25 %
D62: 0,25 bis 0,49 %
D63: 0,5 bis 0,99 %
D64: mehr als 1,00 %
D65: Nachhaltigkeit
C67: =C59+1 -> 46 | D67: Welche Nachhaltigkeitsberichterstattung werden Sie ab dem Geschäftsjahr 2027 anwenden?
D68: Zutreffendes bitte markieren, Mehrfachantworten möglich.
D69: Wir sind zur Berichterstattung nach ESRS (European Sustainability Reporting Standards) verpflichtet
D70: Wir werden freiwillig nach ESRS berichten
D71: Wir werden freiwillig nach dem Voluntary Sustainability Reporting Standard (VSME) oder der Variante des Deutscher Nachhaltigkeitskodex (DNK-VSME) berichten
D72: Wir werden freiwillig nach den Berichtstandards der Gemeinwohl Ökonomie (GWÖ), EMAS, EMAS plus oder der Global Rporting Initative (GRI) berichten
D73: Keine Nachhaltigkeitsberichterstattung geplant
C76: =C67+1 -> 47 | D76: Wie entwickeln sich Ihre Personalkapazitäten im Bereich Nachhaltigkeitsmanagement im Zeitraum von Anfang 2026 bis Ende 2027 voraussichtlich?
D77: Die Personalkapazität für Nachhaltigkeitsmanagement wird reduziert
D78: Die Personalkapazität für Nachhaltigkeitsmanagement wird erhöht
D79: Die Personalkapazität für Nachhaltigkeitsmanagement bleibt gleich
C81: =C76+1 -> 48 | D81: Das Gebäudemodernisierungsgesetz („Heizungsgesetz“) sieht eine gestaffelte Sanierungspflicht für Nichtwohngebäude, die bestimmte Energiestandards unterschreiten (sog. Worst Performing Buildings = WPB), vor. Wie stark sind Sie von der Sanierungspflicht bei WPB betroffen?
D82: Wir verfügen über keine WPB
D83: Unser Bestand an WPB ist gering (umfassen weniger als 10 % unserer gesamten Netto-Raumfläche)
D84: Unser Bestand an WPB ist signifikant (umfassen mehr als 10 % unserer gesamten Nett-Raumfläche)
D85: Für die Sanierung der WPB werden wir aller Voraussicht nach tragfähige Lösungen finden
D86: Für die Sanierung der WPB sind noch keine tragfähigen Lösungen in Sicht
D87: Unser Gebäudebestand ist noch nicht analysiert, daher keine Aussagen möglich

Sheet Auswertung
A1: Name | B1: Rechtsform | C1: Konzernverbund | D1: Email | E1: 6. | F1: Diakonie Hessen - Diakonisches Werk in Hessen und Nassau und Kurhessen-Waldeck e.V. | G1: Diakonie Rheinland-Westfalen-Lippe e.V. | H1: Diakonisches Werk Berlin-Brandenburg-schlesische Oberlausitz e.V. | I1: Diakonisches Werk Bremen e.V. | J1: Diakonisches Werk der Ev. Kirche der Pfalz e.V. | K1: Diakonisches Werk der Ev. Kirche in Württemberg e.V. | L1: Diakonisches Werk der Ev. Landeskirche in Baden e.V. | M1: Diakonisches Werk der Ev.-Luth. Kirche in Bayern e.V. | N1: Diakonisches Werk der Ev.-Luth. Kirche in Oldenburg e.V. | O1: Diakonisches Werk der Ev.-Luth. Landeskirche Sachsens e.V. | P1: Diakonisches Werk der Ev.-Luth. Landeskirche Schaumburg-Lippe e.V. | Q1: Diakonisches Werk in Niedersachsen e.V. | R1: Diakonisches Werk der Ev.-ref. Kirche e.V. in Niedersachsen | S1: Diakonisches Werk Ev. Kirchen in Mitteldeutschland e.V. | T1: Diakonisches Werk Hamburg – Landesverband der Inneren Mission e.V. | U1: Diakonisches Werk Mecklenburg-Vorpommern e.V. | V1: Diakonisches Werk Schleswig-Holstein – Landesverband der Inneren Mission e.V. | W1: 7 | X1: Bundesweit | Y1: Baden-Württemberg | Z1: Bayern | AA1: Berlin | AB1: Brandenburg | AC1: Bremen | AD1: Hamburg | AE1: Hessen | AF1: Niedersachsen | AG1: Nordrhein-Westfalen | AH1: Mecklenburg-Vorpommern | AI1: Rheinland-Pfalz | AJ1: Sachsen | AK1: Sachsen-Anhalt | AL1: Saarland | AM1: Thüringen | AN1: Schleswig-Holstein | AO1: 7.1 | AP1: Bundesweit | AQ1: Baden-Württemberg | AR1: Bayern | AS1: Berlin | AT1: Brandenburg | AU1: Bremen | AV1: Hamburg | AW1: Hessen | AX1: Niedersachsen | AY1: Nordrhein-Westfalen | AZ1: Mecklenburg-Vorpommern | BA1: Rheinland-Pfalz | BB1: Sachsen | BC1: Sachsen-Anhalt | BD1: Saarland | BE1: Thüringen | BF1: Schleswig-Holstein | BG1: 8. | BH1: Beschäftigte im gesamten Unternehmen | BI1: Altenhilfe | BJ1: Eingliederungshilfe | BK1: Sozialpädagogische Familienhilfe | BL1: Hilfen für Menschen in besonderen sozialen Situationen | BM1: Kinder- und Jugendhilfe | BN1: Krankenhilfe | BO1: Sonstige Hilfen | BP1: *8.1 | BQ1: Beschäftigte im gesamten Unternehmen | BR1: Altenhilfe | BS1: Eingliederungshilfe | BT1: Sozialpädagogische Familienhilfe | BU1: Hilfen für Menschen in besonderen sozialen Situationen | BV1: Kinder- und Jugendhilfe | BW1: Krankenhilfe | BX1: Sonstige Hilfen | BY1: *8.2 | BZ1: Beschäftigte im gesamten Unternehmen | CA1: Altenhilfe | CB1: Eingliederungshilfe | CC1: Sozialpädagogische Familienhilfe | CD1: Hilfen für Menschen in besonderen sozialen Situationen | CE1: Kinder- und Jugendhilfe | CF1: Krankenhilfe | CG1: Sonstige Hilfen | CH1: *8.3 | CI1: Beschäftigte im gesamten Unternehmen | CJ1: Altenhilfe | CK1: Eingliederungshilfe | CL1: Sozialpädagogische Familienhilfe | CM1: Hilfen für Menschen in besonderen sozialen Situationen | CN1: Kinder- und Jugendhilfe | CO1: Krankenhilfe | CP1: Sonstige Hilfen | CQ1: *8.4 | CR1: Beschäftigte im gesamten Unternehmen | CS1: Altenhilfe | CT1: Eingliederungshilfe | CU1: Sozialpädagogische Familienhilfe | CV1: Hilfen für Menschen in besonderen sozialen Situationen | CW1: Kinder- und Jugendhilfe | CX1: Krankenhilfe | CY1: Sonstige Hilfen | CZ1: *9. | DA1: Ärzte und Ärztinnen | DB1: Pädagogische Fachkräfte | DC1: Pflegefachkräfte | DD1: Kaufmännische Fachkräfte | DE1: *9.1 | DF1: Ärzte und Ärztinnen | DG1: Pädagogische Fachkräfte | DH1: Pflegefachkräfte | DI1: Kaufmännische Fachkräfte | DJ1: *10. - Wird angeboten | DK1: Hohe langfristige Arbeitsplatzsicherheit | DL1: Zahlung von Wechsel- und Anwerbeprämien | DM1: Moderne technische und digitale Arbeitsplatzausstattung | DN1: Prämien/Zulagen für Übernahme hoher Belastungen (Einspringen, ungünstige Diensteu.a.) | DO1: Wunscharbeitszeit im Dienstplan | DP1: tarifliche Entlastungstage | DQ1: Flexteams und/oder Springerpool | DR1: Homeoffice und Remotework | DS1: Altersteilzeit und andere Modelle der Flexibilisierung des Ruhestandseintritts | DT1: Arbeitszeitkonten/Langzeitkonten | DU1: Flexible Arbeitszeiten (z. B. Gleitzeit, gewünschte Teilzeit) | DV1: Reduzierte Regel-Wochenarbeitszeit und/oder tarifliche Arbeitszeitkorridore | DW1: 4-Tage-Woche bei vollem Lohnausgleich | DX1: Supervisions- und Mediationsangebote | DY1: Fort- und Weiterbildungen während der Arbeitszeit | DZ1: Angebote der Karriereplanung/Personalentwicklung | EA1: Kostenlose, vergünstigte oder zusätzliche materielle Leistungen (z.B. Gutscheine, Dienst-Smartphone, ÖPNV-Ticket, Dienstwagen/-fahrrad) | EB1: Kostenlose oder vergünstigte gesundheitliche Zusatzleistungen (z.B. medizinische Leistungen, Fitness- und Sportangebote, Gesundheitschecks) | EC1: Überdurchschnittliche attraktive Urlaubsregelungen (mehr Urlaub als Wettbewerber, Zusatzurlaub) | ED1: Unterstützung von Beschäftigten mit betreuungspflichtigen Kindern (z.B. Betreuungsangebote, Arbeitszeitabsprachen, finanzielle Zuschüsse) | EE1: Unterstützung von Beschäftigten bei Pflege von Angehörigen (z.B. Betreuungsangebote, Arbeitszeitabsprachen, finanzielle Zuschüsse) | EF1: Spirituelle/konfessionelle Angebote für die Beschäftigten | EG1: Spirituelle/konfessionelle Angebote für die Beschäftigten | EH1: Sonstige | EI1: *10.1 - Sehr gut | EJ1: Hohe langfristige Arbeitsplatzsicherheit | EK1: Zahlung von Wechsel- und Anwerbeprämien | EL1: Moderne technische und digitale Arbeitsplatzausstattung | EM1: Prämien/Zulagen für Übernahme hoher Belastungen (Einspringen, ungünstige Diensteu.a.) | EN1: Wunscharbeitszeit im Dienstplan | EO1: tarifliche Entlastungstage | EP1: Flexteams und/oder Springerpool | EQ1: Homeoffice und Remotework | ER1: Altersteilzeit und andere Modelle der Flexibilisierung des Ruhestandseintritts | ES1: Arbeitszeitkonten/Langzeitkonten | ET1: Flexible Arbeitszeiten (z. B. Gleitzeit, gewünschte Teilzeit) | EU1: Reduzierte Regel-Wochenarbeitszeit und/oder tarifliche Arbeitszeitkorridore | EV1: 4-Tage-Woche bei vollem Lohnausgleich | EW1: Supervisions- und Mediationsangebote | EX1: Fort- und Weiterbildungen während der Arbeitszeit | EY1: Angebote der Karriereplanung/Personalentwicklung | EZ1: Kostenlose, vergünstigte oder zusätzliche materielle Leistungen (z.B. Gutscheine, Dienst-Smartphone, ÖPNV-Ticket, Dienstwagen/-fahrrad) | FA1: Kostenlose oder vergünstigte gesundheitliche Zusatzleistungen (z.B. medizinische Leistungen, Fitness- und Sportangebote, Gesundheitschecks) | FB1: Überdurchschnittliche attraktive Urlaubsregelungen (mehr Urlaub als Wettbewerber, Zusatzurlaub) | FC1: Unterstützung von Beschäftigten mit betreuungspflichtigen Kindern (z.B. Betreuungsangebote, Arbeitszeitabsprachen, finanzielle Zuschüsse) | FD1: Unterstützung von Beschäftigten bei Pflege von Angehörigen (z.B. Betreuungsangebote, Arbeitszeitabsprachen, finanzielle Zuschüsse) | FE1: Spirituelle/konfessionelle Angebote für die Beschäftigten | FF1: Spirituelle/konfessionelle Angebote für die Beschäftigten | FG1: Sonstige | FH1: *10.2 - gut | FI1: Hohe langfristige Arbeitsplatzsicherheit | FJ1: Zahlung von Wechsel- und Anwerbeprämien | FK1: Moderne technische und digitale Arbeitsplatzausstattung | FL1: Prämien/Zulagen für Übernahme hoher Belastungen (Einspringen, ungünstige Diensteu.a.) | FM1: Wunscharbeitszeit im Dienstplan | FN1: tarifliche Entlastungstage | FO1: Flexteams und/oder Springerpool | FP1: Homeoffice und Remotework | FQ1: Altersteilzeit und andere Modelle der Flexibilisierung des Ruhestandseintritts | FR1: Arbeitszeitkonten/Langzeitkonten | FS1: Flexible Arbeitszeiten (z. B. Gleitzeit, gewünschte Teilzeit) | FT1: Reduzierte Regel-Wochenarbeitszeit und/oder tarifliche Arbeitszeitkorridore | FU1: 4-Tage-Woche bei vollem Lohnausgleich | FV1: Supervisions- und Mediationsangebote | FW1: Fort- und Weiterbildungen während der Arbeitszeit | FX1: Angebote der Karriereplanung/Personalentwicklung | FY1: Kostenlose, vergünstigte oder zusätzliche materielle Leistungen (z.B. Gutscheine, Dienst-Smartphone, ÖPNV-Ticket, Dienstwagen/-fahrrad) | FZ1: Kostenlose oder vergünstigte gesundheitliche Zusatzleistungen (z.B. medizinische Leistungen, Fitness- und Sportangebote, Gesundheitschecks) | GA1: Überdurchschnittliche attraktive Urlaubsregelungen (mehr Urlaub als Wettbewerber, Zusatzurlaub) | GB1: Unterstützung von Beschäftigten mit betreuungspflichtigen Kindern (z.B. Betreuungsangebote, Arbeitszeitabsprachen, finanzielle Zuschüsse) | GC1: Unterstützung von Beschäftigten bei Pflege von Angehörigen (z.B. Betreuungsangebote, Arbeitszeitabsprachen, finanzielle Zuschüsse) | GD1: Spirituelle/konfessionelle Angebote für die Beschäftigten | GE1: Spirituelle/konfessionelle Angebote für die Beschäftigten | GF1: Sonstige | GG1: *10.3 - schlecht | GH1: Hohe langfristige Arbeitsplatzsicherheit | GI1: Zahlung von Wechsel- und Anwerbeprämien | GJ1: Moderne technische und digitale Arbeitsplatzausstattung | GK1: Prämien/Zulagen für Übernahme hoher Belastungen (Einspringen, ungünstige Diensteu.a.) | GL1: Wunscharbeitszeit im Dienstplan | GM1: tarifliche Entlastungstage | GN1: Flexteams und/oder Springerpool | GO1: Homeoffice und Remotework | GP1: Altersteilzeit und andere Modelle der Flexibilisierung des Ruhestandseintritts | GQ1: Arbeitszeitkonten/Langzeitkonten | GR1: Flexible Arbeitszeiten (z. B. Gleitzeit, gewünschte Teilzeit) | GS1: Reduzierte Regel-Wochenarbeitszeit und/oder tarifliche Arbeitszeitkorridore | GT1: 4-Tage-Woche bei vollem Lohnausgleich | GU1: Supervisions- und Mediationsangebote | GV1: Fort- und Weiterbildungen während der Arbeitszeit | GW1: Angebote der Karriereplanung/Personalentwicklung | GX1: Kostenlose, vergünstigte oder zusätzliche materielle Leistungen (z.B. Gutscheine, Dienst-Smartphone, ÖPNV-Ticket, Dienstwagen/-fahrrad) | GY1: Kostenlose oder vergünstigte gesundheitliche Zusatzleistungen (z.B. medizinische Leistungen, Fitness- und Sportangebote, Gesundheitschecks) | GZ1: Überdurchschnittliche attraktive Urlaubsregelungen (mehr Urlaub als Wettbewerber, Zusatzurlaub) | HA1: Unterstützung von Beschäftigten mit betreuungspflichtigen Kindern (z.B. Betreuungsangebote, Arbeitszeitabsprachen, finanzielle Zuschüsse) | HB1: Unterstützung von Beschäftigten bei Pflege von Angehörigen (z.B. Betreuungsangebote, Arbeitszeitabsprachen, finanzielle Zuschüsse) | HC1: Spirituelle/konfessionelle Angebote für die Beschäftigten | HD1: Spirituelle/konfessionelle Angebote für die Beschäftigten | HE1: Sonstige | HF1: *10.4 - sehr schlecht | HG1: Hohe langfristige Arbeitsplatzsicherheit | HH1: Zahlung von Wechsel- und Anwerbeprämien | HI1: Moderne technische und digitale Arbeitsplatzausstattung | HJ1: Prämien/Zulagen für Übernahme hoher Belastungen (Einspringen, ungünstige Diensteu.a.) | HK1: Wunscharbeitszeit im Dienstplan | HL1: tarifliche Entlastungstage | HM1: Flexteams und/oder Springerpool | HN1: Homeoffice und Remotework | HO1: Altersteilzeit und andere Modelle der Flexibilisierung des Ruhestandseintritts | HP1: Arbeitszeitkonten/Langzeitkonten | HQ1: Flexible Arbeitszeiten (z. B. Gleitzeit, gewünschte Teilzeit) | HR1: Reduzierte Regel-Wochenarbeitszeit und/oder tarifliche Arbeitszeitkorridore | HS1: 4-Tage-Woche bei vollem Lohnausgleich | HT1: Supervisions- und Mediationsangebote | HU1: Fort- und Weiterbildungen während der Arbeitszeit | HV1: Angebote der Karriereplanung/Personalentwicklung | HW1: Kostenlose, vergünstigte oder zusätzliche materielle Leistungen (z.B. Gutscheine, Dienst-Smartphone, ÖPNV-Ticket, Dienstwagen/-fahrrad) | HX1: Kostenlose oder vergünstigte gesundheitliche Zusatzleistungen (z.B. medizinische Leistungen, Fitness- und Sportangebote, Gesundheitschecks) | HY1: Überdurchschnittliche attraktive Urlaubsregelungen (mehr Urlaub als Wettbewerber, Zusatzurlaub) | HZ1: Unterstützung von Beschäftigten mit betreuungspflichtigen Kindern (z.B. Betreuungsangebote, Arbeitszeitabsprachen, finanzielle Zuschüsse) | IA1: Unterstützung von Beschäftigten bei Pflege von Angehörigen (z.B. Betreuungsangebote, Arbeitszeitabsprachen, finanzielle Zuschüsse) | IB1: Spirituelle/konfessionelle Angebote für die Beschäftigten | IC1: Spirituelle/konfessionelle Angebote für die Beschäftigten | ID1: Sonstige | IE1: *11 | IF1: Ärzte: TV-Ärzte (VKA-Marburger Bund) | IG1: Ärzte: TV-Ärzte-KF (RWL) | IH1: Ärzte: TV-Ärzte-TdL Unikliniken (Marburger Bund) | II1: AVR Caritas | IJ1: AVR Diakonie Deutschland | IK1: AVR Diakonie Deutschland – Fassung Baden | IL1: AVR DW Berlin-Brandenburg-schlesische Oberlausitz West | IM1: AVR DW Berlin-Brandenburg-schlesische Oberlausitz Ost | IN1: AVR DW Bayern | IO1: AVR DW Kurhessen-Waldeck | IP1: AVR DW Mecklenburg-Vorpommern | IQ1: AVR DW Sachsen | IR1: AVR DW Württemberg (I. Buch - TVöD) | IS1: AVR DW Württemberg (IV. Buch - AVR Diakonie Deutschland) | IT1: AVR DW Evangelische Kirche in Mitteldeutschland | IU1: AVR Diakonie Hessen und Nassau | IV1: AVR DWBO Anlage Johanniter | IW1: Beamtenbesoldung | IX1: Bundesangestelltentarifvertrag in kirchlicher Fassung (BAT-KF) | IY1: Kirchlicher Tarifvertrag Diakonie in Nordelbien (KTD) | IZ1: TV Diakonie Niedersachsen | JA1: TV Ev. Kirche Berlin Brandenburg-schlesische Oberlausitz (TV-EKBO) | JB1: TV-L | JC1: TVöD (Kommunen) | JD1: TVöD (Bund) | JE1: Haustarifvertrag | JF1: Orientierung an kirchlich-diakonischer Kollektivregelung (Bsp: nur Entgelttabelle) | JG1: Frei verhandelte Vergütung | JH1: *12 | JI1: Tarifwerke nicht aufgeführt | JJ1: *13 | JK1: Sonntagszuschlag | JL1: Samstagszuchlag | JM1: Zulage für Pflege und Betreuung | JN1: Kinderzulage | JO1: Schichtzulage (allgemein) | JP1: Wechselschichtzulage (allgemein) | JQ1: Schichtzulage (Ärztinnen & Ärzte) | JR1: Wechselschichtzulage (Ärztinnen & Ärzte) | JS1: Intensivzulage | JT1: *13.1 | JU1: Sonntagszuschlag | JV1: Samstagszuchlag | JW1: Zulage für Pflege und Betreuung | JX1: Kinderzulage | JY1: Schichtzulage (allgemein) | JZ1: Wechselschichtzulage (allgemein) | KA1: Schichtzulage (Ärztinnen & Ärzte) | KB1: Wechselschichtzulage (Ärztinnen & Ärzte) | KC1: Intensivzulage | KD1: *14 | KE1: Tarifwerke bewerten | KF1: *15 | KG1: Berufsgruppe | KH1: Hilfefeld | KI1: Vergütung ist um X % zu niedrig | KJ1: Berufsgruppe | KK1: Hilfefeld | KL1: Vergütung ist um X % zu niedrig | KM1: Berufsgruppe | KN1: Hilfefeld | KO1: Vergütung ist um X % zu niedrig | KP1: Berufsgruppe | KQ1: Hilfefeld | KR1: Vergütung ist um X % zu niedrig | KS1: Berufsgruppe | KT1: Hilfefeld | KU1: Vergütung ist um X % zu niedrig | KV1: *16 | KW1: Berufsgruppe | KX1: Hilfefeld | KY1: Vergütung ist um X % zu hoch | KZ1: Berufsgruppe | LA1: Hilfefeld | LB1: Vergütung ist um X % zu hoch | LC1: Berufsgruppe | LD1: Hilfefeld | LE1: Vergütung ist um X % zu hoch | LF1: Berufsgruppe | LG1: Hilfefeld | LH1: Vergütung ist um X % zu hoch | LI1: Berufsgruppe | LJ1: Hilfefeld | LK1: Vergütung ist um X % zu hoch | LL1: *17 | LM1: Nein | LN1: Ja | LO1: *18 | LP1: Wieviel Prozent d. Beschäftigt über Tarif | LQ1: *18 | LR1: Instrumente für höhere Zahlung | LS1: *19 | LT1: Änderungsbedarfe | LU1: *20 | LV1: Allgemeine Verwaltung | LW1: Arbeitsrechtsberatung | LX1: Apotheken | LY1: Küchendienste & Catering | LZ1: Finanz- und Rechnungswesen | MA1: IT | MB1: Einkauf / Beschaffung | MC1: Fahrdienste / Logistik / Fuhrpark | MD1: Garten- und Landschaftsbau | ME1: Gebäudereinigung | MF1: Gesundheitsmanagement und Arbeitssicherheit | MG1: Hauswirtschaftliche Dienstleistungen | MH1: Immobilienmanagement | MI1: Labore und med. Dienstleister | MJ1: Textilreinigung / Wäscherei | MK1: Zeitarbeit / Arbeitnehmerüberlassung | ML1: Sonstiges | MM1: *20.1 | MN1: Allgemeine Verwaltung | MO1: Arbeitsrechtsberatung | MP1: Apotheken | MQ1: Küchendienste & Catering | MR1: Finanz- und Rechnungswesen | MS1: IT | MT1: Einkauf / Beschaffung | MU1: Fahrdienste / Logistik / Fuhrpark | MV1: Garten- und Landschaftsbau | MW1: Gebäudereinigung | MX1: Gesundheitsmanagement und Arbeitssicherheit | MY1: Hauswirtschaftliche Dienstleistungen | MZ1: Immobilienmanagement | NA1: Labore und med. Dienstleister | NB1: Textilreinigung / Wäscherei | NC1: Zeitarbeit / Arbeitnehmerüberlassung | ND1: Sonstiges | NE1: *20.2 | NF1: Allgemeine Verwaltung | NG1: Arbeitsrechtsberatung | NH1: Apotheken | NI1: Küchendienste & Catering | NJ1: Finanz- und Rechnungswesen | NK1: IT | NL1: Einkauf / Beschaffung | NM1: Fahrdienste / Logistik / Fuhrpark | NN1: Garten- und Landschaftsbau | NO1: Gebäudereinigung | NP1: Gesundheitsmanagement und Arbeitssicherheit | NQ1: Hauswirtschaftliche Dienstleistungen | NR1: Immobilienmanagement | NS1: Labore und med. Dienstleister | NT1: Textilreinigung / Wäscherei | NU1: Zeitarbeit / Arbeitnehmerüberlassung | NV1: Sonstiges | NW1: *21 | NX1: Allgemeine Verwaltung | NY1: Arbeitsrechtsberatung | NZ1: Apotheken | OA1: Küchendienste & Catering | OB1: Finanz- und Rechnungswesen | OC1: IT | OD1: Einkauf / Beschaffung | OE1: Fahrdienste / Logistik / Fuhrpark | OF1: Garten- und Landschaftsbau | OG1: Gebäudereinigung | OH1: Gesundheitsmanagement und Arbeitssicherheit | OI1: Hauswirtschaftliche Dienstleistungen | OJ1: Immobilienmanagement | OK1: Labore und med. Dienstleister | OL1: Textilreinigung / Wäscherei | OM1: Zeitarbeit / Arbeitnehmerüberlassung | ON1: Sonstiges | OO1: *21.1 | OP1: Allgemeine Verwaltung | OQ1: Arbeitsrechtsberatung | OR1: Apotheken | OS1: Küchendienste & Catering | OT1: Finanz- und Rechnungswesen | OU1: IT | OV1: Einkauf / Beschaffung | OW1: Fahrdienste / Logistik / Fuhrpark | OX1: Garten- und Landschaftsbau | OY1: Gebäudereinigung | OZ1: Gesundheitsmanagement und Arbeitssicherheit | PA1: Hauswirtschaftliche Dienstleistungen | PB1: Immobilienmanagement | PC1: Labore und med. Dienstleister | PD1: Textilreinigung / Wäscherei | PE1: Zeitarbeit / Arbeitnehmerüberlassung | PF1: Sonstiges | PG1: *21.2 | PH1: Allgemeine Verwaltung | PI1: Arbeitsrechtsberatung | PJ1: Apotheken | PK1: Küchendienste & Catering | PL1: Finanz- und Rechnungswesen | PM1: IT | PN1: Einkauf / Beschaffung | PO1: Fahrdienste / Logistik / Fuhrpark | PP1: Garten- und Landschaftsbau | PQ1: Gebäudereinigung | PR1: Gesundheitsmanagement und Arbeitssicherheit | PS1: Hauswirtschaftliche Dienstleistungen | PT1: Immobilienmanagement | PU1: Labore und med. Dienstleister | PV1: Textilreinigung / Wäscherei | PW1: Zeitarbeit / Arbeitnehmerüberlassung | PX1: Sonstiges | PY1: *21.3 | PZ1: Allgemeine Verwaltung | QA1: Arbeitsrechtsberatung | QB1: Apotheken | QC1: Küchendienste & Catering | QD1: Finanz- und Rechnungswesen | QE1: IT | QF1: Einkauf / Beschaffung | QG1: Fahrdienste / Logistik / Fuhrpark | QH1: Garten- und Landschaftsbau | QI1: Gebäudereinigung | QJ1: Gesundheitsmanagement und Arbeitssicherheit | QK1: Hauswirtschaftliche Dienstleistungen | QL1: Immobilienmanagement | QM1: Labore und med. Dienstleister | QN1: Textilreinigung / Wäscherei | QO1: Zeitarbeit / Arbeitnehmerüberlassung | QP1: Sonstiges | QQ1: 23* | QR1: Öffnungsklauseln 2025 - Ja | QS1: Nein | QT1: 24* | QU1: Jahresonderzahlung 2025 -Vollständig | QV1: Teilweise | QW1: Anzahl der betroffenen Beschäftigten | QX1: Hilfefeld | QY1: 24*.24 | QZ1: Jahresonderzahlung 2025 -Vollständig | RA1: Teilweise | RB1: Anzahl der betroffenen Beschäftigten | RC1: Hilfefeld | RD1: 24*.23 | RE1: Jahresonderzahlung 2025 -Vollständig | RF1: Teilweise | RG1: Anzahl der betroffenen Beschäftigten | RH1: Hilfefeld | RI1: 24*.22 | RJ1: Jahresonderzahlung 2025 -Vollständig | RK1: Teilweise | RL1: Anzahl der betroffenen Beschäftigten | RM1: Hilfefeld | RN1: 24*.21 | RO1: Jahresonderzahlung 2025 -Vollständig | RP1: Teilweise | RQ1: Anzahl der betroffenen Beschäftigten | RR1: Hilfefeld | RS1: 24*.20 | RT1: Jahresonderzahlung 2025 -Vollständig | RU1: Teilweise | RV1: Anzahl der betroffenen Beschäftigten | RW1: Hilfefeld | RX1: 25* | RY1: Jahresonderzahlung 2025 -Vollständig | RZ1: Teilweise | SA1: Anzahl der betroffenen Beschäftigten | SB1: Hilfefeld | SC1: Reduzierung in % | SD1: 25*.24 | SE1: Jahresonderzahlung 2025 -Vollständig | SF1: Teilweise | SG1: Anzahl der betroffenen Beschäftigten | SH1: Hilfefeld | SI1: Reduzierung in % | SJ1: 25*.23 | SK1: Jahresonderzahlung 2025 -Vollständig | SL1: Teilweise | SM1: Anzahl der betroffenen Beschäftigten | SN1: Hilfefeld | SO1: Reduzierung in % | SP1: 25*.22 | SQ1: Jahresonderzahlung 2025 -Vollständig | SR1: Teilweise | SS1: Anzahl der betroffenen Beschäftigten | ST1: Hilfefeld | SU1: Reduzierung in % | SV1: 25*.21 | SW1: Jahresonderzahlung 2025 -Vollständig | SX1: Teilweise | SY1: Anzahl der betroffenen Beschäftigten | SZ1: Hilfefeld | TA1: Reduzierung in % | TB1: 25*.20 | TC1: Jahresonderzahlung 2025 -Vollständig | TD1: Teilweise | TE1: Anzahl der betroffenen Beschäftigten | TF1: Hilfefeld | TG1: Reduzierung in % | TH1: 25*.20 | TI1: Anmerkungen | TJ1: 26*.Gesamt | TK1: Erschwerte Finanzierung | TL1: Leistungseinschränkung in 2026 | TM1: Betriebsbedingte Kündigung | TN1: Gefahr von Schließungen | TO1: Gefahr von Insolvenzen | TP1: 26*.Altenhilfe | TQ1: Erschwerte Finanzierung | TR1: Leistungseinschränkung in 2026 | TS1: Betriebsbedingte Kündigung | TT1: Gefahr von Schließungen | TU1: Gefahr von Insolvenzen | TV1: 26*.Eingliederung | TW1: Erschwerte Finanzierung | TX1: Leistungseinschränkung in 2026 | TY1: Betriebsbedingte Kündigung | TZ1: Gefahr von Schließungen | UA1: Gefahr von Insolvenzen | UB1: 26*.Familienhilfe | UC1: Erschwerte Finanzierung | UD1: Leistungseinschränkung in 2026 | UE1: Betriebsbedingte Kündigung | UF1: Gefahr von Schließungen | UG1: Gefahr von Insolvenzen | UH1: 26*.Familienhilfe | UI1: Erschwerte Finanzierung | UJ1: Leistungseinschränkung in 2026 | UK1: Betriebsbedingte Kündigung | UL1: Gefahr von Schließungen | UM1: Gefahr von Insolvenzen | UN1: 26*.KJH | UO1: Erschwerte Finanzierung | UP1: Leistungseinschränkung in 2026 | UQ1: Betriebsbedingte Kündigung | UR1: Gefahr von Schließungen | US1: Gefahr von Insolvenzen | UT1: 26*.KH | UU1: Erschwerte Finanzierung | UV1: Leistungseinschränkung in 2026 | UW1: Betriebsbedingte Kündigung | UX1: Gefahr von Schließungen | UY1: Gefahr von Insolvenzen | UZ1: 26*.Sonstige | VA1: Erschwerte Finanzierung | VB1: Leistungseinschränkung in 2026 | VC1: Betriebsbedingte Kündigung | VD1: Gefahr von Schließungen | VE1: Gefahr von Insolvenzen | VF1: 27*. | VG1: Wir werden auch weiterhin wirtschaftlich arbeiten können | VH1: Mehr Rücklagen einsetzen als bislang geplant | VI1: Investitionen reduzieren oder verschieben | VJ1: Nutzung von Öffnungsklauseln | VK1: Teile unseres Kerngeschäfts in kostengünstigere diakonische Tarifstrukturen verlagern | VL1: Teile unseres Kerngeschäfts in kostengünstigere nichtdiakonische Tarifstrukturen verlagern | VM1: Teile der Regieleistungen (z.B. Verpflegung, Reinigung) in kostengünstigere Tarifstrukturen verlagern oder fremdvergeben | VN1: Frei werdende Stellen teilweise nicht wiederbesetzen | VO1: Stellen abbauen | VP1: Leistungen oder Angebote stärker bündeln beziehungsweise neu ausrichten | VQ1: Kooperationen mit anderen Trägern ausbauen | VR1: Einen signifikanten Teil unseres Kerngeschäfts (> 5 % des Umsatzes) wegen Unwirtschaftlichkeit abgeben oder aufgeben | VS1: Noch keine Entscheidungen getroffen oder absehbar | VT1: Sonstiges : Bitte angeben | VU1: Sonstiges | VV1: 28*. Strukturreformen | VW1: Voll und ganz | VX1: Stimme zu | VY1: Teils, teils | VZ1: Stimme nicht zu | WA1: Überhaupt nicht | WB1: 28*. Beitrag Sozial Unternehmen | WC1: Voll und ganz | WD1: Stimme zu | WE1: Teils, teils | WF1: Stimme nicht zu | WG1: Überhaupt nicht | WH1: 28*. Chance Reformen | WI1: Voll und ganz | WJ1: Stimme zu | WK1: Teils, teils | WL1: Stimme nicht zu | WM1: Überhaupt nicht | WN1: 28*. Reformen ausrichten | WO1: Voll und ganz | WP1: Stimme zu | WQ1: Teils, teils | WR1: Stimme nicht zu | WS1: Überhaupt nicht | WT1: 28*. Kostendämpfung | WU1: Voll und ganz | WV1: Stimme zu | WW1: Teils, teils | WX1: Stimme nicht zu | WY1: Überhaupt nicht | WZ1: 28*. Angebote fallen weg | XA1: Voll und ganz | XB1: Stimme zu | XC1: Teils, teils | XD1: Stimme nicht zu | XE1: Überhaupt nicht | XF1: 28*. Gefährden Versorgungssicherheit | XG1: Voll und ganz | XH1: Stimme zu | XI1: Teils, teils | XJ1: Stimme nicht zu | XK1: Überhaupt nicht | XL1: 28*. Priorisiren | XM1: Voll und ganz | XN1: Stimme zu | XO1: Teils, teils | XP1: Stimme nicht zu | XQ1: Überhaupt nicht | XR1: 28*. Verlässliche Finanzierung | XS1: Voll und ganz | XT1: Stimme zu | XU1: Teils, teils | XV1: Stimme nicht zu | XW1: Überhaupt nicht | XX1: 28*. 1 | XY1: persönliche Meinung | XZ1: 29*. | YA1: Ja | YB1: Eventuell oder noch keine Entscheidung getroffen | YC1: Nein | YD1: 30*. | YE1: Negativ | YF1: ~0 (Neutral) | YG1: Positiv | YH1: 31*. | YI1: Negativ | YJ1: ~0 (Neutral) | YK1: Positiv | YL1: 32*. Altenhilfe | YM1: Negativ | YN1: ~0 (Neutral) | YO1: Positiv | YP1: 32*. Altenhilfe | YQ1: Negativ | YR1: ~0 (Neutral) | YS1: Positiv | YT1: 32*. Eingliederungshilfe | YU1: Negativ | YV1: ~0 (Neutral) | YW1: Positiv | YX1: 32*. Familienhilfe | YY1: Negativ | YZ1: ~0 (Neutral) | ZA1: Positiv | ZB1: 32*. Soziale Situationen | ZC1: Negativ | ZD1: ~0 (Neutral) | ZE1: Positiv | ZF1: 32*. Kinder und Jugendhilfe | ZG1: Negativ | ZH1: ~0 (Neutral) | ZI1: Positiv | ZJ1: 32*. Krankenhilfe | ZK1: Negativ | ZL1: ~0 (Neutral) | ZM1: Positiv | ZN1: 32*. Sonstige Hilfe | ZO1: Negativ | ZP1: ~0 (Neutral) | ZQ1: Positiv | ZR1: 33*.Nicht auslastbare Kapazitäten durch Arbeitskräftemangel | ZS1: Nicht relevant | ZT1: Sehr gering | ZU1: gering | ZV1: hoch | ZW1: sehr hoch | ZX1: 33*.Starke Kostensteigerung durch Löhne / Gehälter | ZY1: Nicht relevant | ZZ1: Sehr gering | AAA1: gering | AAB1: hoch | AAC1: sehr hoch | AAD1: 33*.Starke Kostensteigerung durch steigende Energiepreise | AAE1: Nicht relevant | AAF1: Sehr gering | AAG1: gering | AAH1: hoch | AAI1: sehr hoch | AAJ1: 33*.Starke Kostensteigerung durch allgemeine Inflation | AAK1: Nicht relevant | AAL1: Sehr gering | AAM1: gering | AAN1: hoch | AAO1: sehr hoch | AAP1: 33*.verspätete Zahlungen der Kostenträger | AAQ1: Nicht relevant | AAR1: Sehr gering | AAS1: gering | AAT1: hoch | AAU1: sehr hoch | AAV1: 33*.Unterfinanzierung durch die Kostenträger | AAW1: Nicht relevant | AAX1: Sehr gering | AAY1: gering | AAZ1: hoch | ABA1: sehr hoch | ABB1: 33*.Wachsender Marktanteil privater Träger | ABC1: Nicht relevant | ABD1: Sehr gering | ABE1: gering | ABF1: hoch | ABG1: sehr hoch | ABH1: 33*.Hohe Kosten durch wachsende bürokratische Anforderungen | ABI1: Nicht relevant | ABJ1: Sehr gering | ABK1: gering | ABL1: hoch | ABM1: sehr hoch | ABN1: 33*.Hohe finanzielle Belastung durch nötige Investitionen in Immobilien | ABO1: Nicht relevant | ABP1: Sehr gering | ABQ1: gering | ABR1: hoch | ABS1: sehr hoch | ABT1: 33*.Hohe Kosten durch Digitalisierung | ABU1: Nicht relevant | ABV1: Sehr gering | ABW1: gering | ABX1: hoch | ABY1: sehr hoch | ABZ1: 33*.Hohe Kosten für IT-Sicherheit | ACA1: Nicht relevant | ACB1: Sehr gering | ACC1: gering | ACD1: hoch | ACE1: sehr hoch | ACF1: 33*.Höhere Investitions- oder Betriebskosten infolge des Klimaschutzes | ACG1: Nicht relevant | ACH1: Sehr gering | ACI1: gering | ACJ1: hoch | ACK1: sehr hoch | ACL1: 33*.Kostensteigerungen durch gesetzliche Personalvorgaben | ACM1: Nicht relevant | ACN1: Sehr gering | ACO1: gering | ACP1: hoch | ACQ1: sehr hoch | ACR1: 33*.Unterauslastung durch allgemein geringere Nachfrage | ACS1: Nicht relevant | ACT1: Sehr gering | ACU1: gering | ACV1: hoch | ACW1: sehr hoch | ACX1: 33*.Reduzierte Nachfrage durch geänderte Fallsteuerung der Leistungsträger | ACY1: Nicht relevant | ACZ1: Sehr gering | ADA1: gering | ADB1: hoch | ADC1: sehr hoch | ADD1: 33*.Reduzierte Nachfrage durch veränderte Kundenpräferenzen | ADE1: Nicht relevant | ADF1: Sehr gering | ADG1: gering | ADH1: hoch | ADI1: sehr hoch | ADJ1: 33*.Wirtschaftliche Verschlechterung aufgrund veränderter Landesrahmenverträge | ADK1: Nicht relevant | ADL1: Sehr gering | ADM1: gering | ADN1: hoch | ADO1: sehr hoch | ADP1: 33*.Wirtschaftliche Verschlechterung durch die Krankenhausreform | ADQ1: Nicht relevant | ADR1: Sehr gering | ADS1: gering | ADT1: hoch | ADU1: sehr hoch | ADV1: 33*.Hohe Fehlzeiten/hoher Krankenstand/hoher Vertretungsbedarf | ADW1: Nicht relevant | ADX1: Sehr gering | ADY1: gering | ADZ1: hoch | AEA1: sehr hoch | AEB1: 33. | AEC1: Größte Heruasforderungen | AED1: 34. | AEE1: Wir haben unser Liquiditätsmanagement systematisch verbessert (z.B. Ausbau Mahnwesen, Beschleunigung Abrechnungen mit Kostenträgern usw.) | AEF1: Wir haben unser Liquiditätsmanagement nicht wesentlich verändert | AEG1: Die offenen Forderungen haben sich reduziert | AEH1: Die offenen Forderungen haben sich erhöht | AEI1: Die offenen Forderungen sind in etwa unverändert | AEJ1: 35. Schiedsstelle | AEK1: Altenhilfe | AEM1: Eingliederungshilfe | AEO1: Kinder- und Jugendhilfe | AEQ1: Krankenhilfe | AES1: 36. -Altenhilfe | AET1: Neugründungen | AEU1: Zukäufe | AEV1: Fusionen | AEW1: Verkäufe | AEX1: Insolvenzen | AEY1: 36. - Eingliederungshilfe | AEZ1: Neugründungen | AFA1: Zukäufe | AFB1: Fusionen | AFC1: Verkäufe | AFD1: Insolvenzen | AFE1: 36. - Sozialpädagogische Hilfe | AFF1: Neugründungen | AFG1: Zukäufe | AFH1: Fusionen | AFI1: Verkäufe | AFJ1: Insolvenzen | AFK1: 36. - besondere soz. Situationen | AFL1: Neugründungen | AFM1: Zukäufe | AFN1: Fusionen | AFO1: Verkäufe | AFP1: Insolvenzen | AFQ1: 36. - Kinder und Jugendhilfe | AFR1: Neugründungen | AFS1: Zukäufe | AFT1: Fusionen | AFU1: Verkäufe | AFV1: Insolvenzen | AFW1: 36. - Krankenhilfe | AFX1: Neugründungen | AFY1: Zukäufe | AFZ1: Fusionen | AGA1: Verkäufe | AGB1: Insolvenzen | AGC1: 36. - Sonstige Hilfe | AGD1: Neugründungen | AGE1: Zukäufe | AGF1: Fusionen | AGG1: Verkäufe | AGH1: Insolvenzen | AGI1: 37. | AGJ1: Personal | AGK1: Verbesserung der Wirtschaftlickeit | AGL1: Digitalisierung | AGM1: Weiterentwicklung der Geschäftsmodelle | AGN1: Immobilien | AGO1: Nachhaltigkeit | AGP1: Sonstige | AGQ1: 38. | AGR1: Bruttopersonalkosten | AGS1: 39. | AGT1: Faktoren | AGU1: 40. | AGV1: Sachkosten | AGW1: 41. | AGX1: Faktoren | AGY1: 42. | AGZ1: Unser Unternehmen fällt ganz unter NIS-2 | AHA1: Unser Unternehmen fällt teilweise unter NIS-2 | AHB1: Wir setzen NIS-2 freiwillig im gesamten Unternehmen um | AHC1: 43. | AHD1: Die Anforderungen sind umgesetzt | AHE1: Die Umsetzung ist weit fortgeschritten | AHF1: Die Umsetzung hat begonnen | AHG1: Die Planung der Umsetzung läuft | AHH1: Wir haben noch nicht begonnen. | AHI1: 44. | AHJ1: Ja | AHK1: Nein | AHL1: Falls Ja | AHM1: 45. | AHN1: Weniger als 0,25 % | AHO1: 0,25 bis 0,49 % | AHP1: 0,5 bis 0,99 % | AHQ1: mehr als 1,00 % | AHR1: 46. | AHS1: Wir sind zur Berichterstattung nach ESRS (European Sustainability Reporting Standards) verpflichtet | AHT1: Wir werden freiwillig nach ESRS berichten | AHU1: Wir werden freiwillig nach dem Voluntary Sustainability Reporting Standard (VSME) oder der Variante des Deutscher Nachhaltigkeitskodex (DNK-VSME) berichten | AHV1: Wir werden freiwillig nach den Berichtstandards der Gemeinwohl Ökonomie (GWÖ), EMAS, EMAS plus oder der Global Rporting Initative (GRI) berichten | AHW1: Keine Nachhaltigkeitsberichterstattung geplant | AHX1: 47. | AHY1: Die Personalkapazität für Nachhaltigkeitsmanagement wird reduziert | AHZ1: Die Personalkapazität für Nachhaltigkeitsmanagement wird erhöht | AIA1: Die Personalkapazität für Nachhaltigkeitsmanagement bleibt gleich | AIB1: 48. | AIC1: Wir verfügen über keine WPB | AID1: Unser Bestand an WPB ist gering (umfassen weniger als 10 % unserer gesamten Netto-Raumfläche) | AIE1: Unser Bestand an WPB ist signifikant (umfassen mehr als 10 % unserer gesamten Nett-Raumfläche) | AIF1: Für die Sanierung der WPB werden wir aller Voraussicht nach tragfähige Lösungen finden | AIG1: Für die Sanierung der WPB sind noch keine tragfähigen Lösungen in Sicht | AIH1: Unser Gebäudebestand ist noch nicht analysiert, daher keine Aussagen möglich
A2: ='Allgemeine Daten'!B42 -> 0 | B2: ='Allgemeine Daten'!F45 -> "Bitte auswählen" | C2: ='Allgemeine Daten'!B49 -> 0 | D2: ='Allgemeine Daten'!D55 -> 0 | F2: {=TRANSPOSE(Personalstruktur!C8:C24)} -> FALSE | G2: FALSE | H2: FALSE | I2: FALSE | J2: FALSE | K2: FALSE | L2: FALSE | M2: FALSE | N2: FALSE | O2: FALSE | P2: FALSE | Q2: FALSE | R2: FALSE | S2: FALSE | T2: FALSE | U2: FALSE | V2: FALSE | X2: {=TRANSPOSE(Personalstruktur!C28:C44)} -> FALSE | Y2: FALSE | Z2: FALSE | AA2: FALSE | AB2: FALSE | AC2: FALSE | AD2: FALSE | AE2: FALSE | AF2: FALSE | AG2: FALSE | AH2: FALSE | AI2: FALSE | AJ2: FALSE | AK2: FALSE | AL2: FALSE | AM2: FALSE | AN2: FALSE | AP2: {=TRANSPOSE(Personalstruktur!E28:E44)} -> 0 | AQ2: 0 | AR2: 0 | AS2: 0 | AT2: 0 | AU2: 0 | AV2: 0 | AW2: 0 | AX2: 0 | AY2: 0 | AZ2: 0 | BA2: 0 | BB2: 0 | BC2: 0 | BD2: 0 | BE2: 0 | BF2: 0 | BH2: {=TRANSPOSE(Personalstruktur!E50:E57)} -> 0 | BI2: 0 | BJ2: 0 | BK2: 0 | BL2: 0 | BM2: 0 | BN2: 0 | BO2: 0 | BQ2: {=TRANSPOSE(Personalstruktur!F50:F57)} -> 0 | BR2: 0 | BS2: 0 | BT2: 0 | BU2: 0 | BV2: 0 | BW2: 0 | BX2: 0 | BZ2: {=TRANSPOSE(Personalstruktur!G50:G57)} -> 0 | CA2: 0 | CB2: 0 | CC2: 0 | CD2: 0 | CE2: 0 | CF2: 0 | CG2: 0 | CI2: {=TRANSPOSE(Personalstruktur!H50:H57)} -> 0 | CJ2: 0 | CK2: 0 | CL2: 0 | CM2: 0 | CN2: 0 | CO2: 0 | CP2: 0 | CR2: {=TRANSPOSE(Personalstruktur!I50:I57)} -> 0 | CS2: 0 | CT2: 0 | CU2: 0 | CV2: 0 | CW2: 0 | CX2: 0 | CY2: 0 | DA2: {=TRANSPOSE(Personalstruktur!E62:E65)} -> 0 | DB2: 0 | DC2: 0 | DD2: 0 | DF2: {=TRANSPOSE(Personalstruktur!F62:F65)} -> 0 | DG2: 0 | DH2: 0 | DI2: 0 | DK2: {=TRANSPOSE(Personalstruktur!E69:E92)} -> FALSE | DL2: FALSE | DM2: FALSE | DN2: FALSE | DO2: FALSE | DP2: FALSE | DQ2: FALSE | DR2: FALSE | DS2: FALSE | DT2: FALSE | DU2: FALSE | DV2: FALSE | DW2: FALSE | DX2: FALSE | DY2: FALSE | DZ2: FALSE | EA2: FALSE | EB2: FALSE | EC2: FALSE | ED2: FALSE | EE2: FALSE | EF2: FALSE | EG2: FALSE | EH2: FALSE | EJ2: {=TRANSPOSE(Personalstruktur!F69:F92)} -> FALSE | EK2: FALSE | EL2: FALSE | EM2: FALSE | EN2: FALSE | EO2: FALSE | EP2: FALSE | EQ2: FALSE | ER2: FALSE | ES2: FALSE | ET2: FALSE | EU2: FALSE | EV2: FALSE | EW2: FALSE | EX2: FALSE | EY2: FALSE | EZ2: FALSE | FA2: FALSE | FB2: FALSE | FC2: FALSE | FD2: FALSE | FE2: FALSE | FF2: FALSE | FG2: FALSE | FI2: {=TRANSPOSE(Personalstruktur!G69:G92)} -> FALSE | FJ2: FALSE | FK2: FALSE | FL2: FALSE | FM2: FALSE | FN2: FALSE | FO2: FALSE | FP2: FALSE | FQ2: FALSE | FR2: FALSE | FS2: FALSE | FT2: FALSE | FU2: FALSE | FV2: FALSE | FW2: FALSE | FX2: FALSE | FY2: FALSE | FZ2: FALSE | GA2: FALSE | GB2: FALSE | GC2: FALSE | GD2: FALSE | GE2: FALSE | GF2: FALSE | GH2: {=TRANSPOSE(Personalstruktur!H69:H92)} -> FALSE | GI2: FALSE | GJ2: FALSE | GK2: FALSE | GL2: FALSE | GM2: FALSE | GN2: FALSE | GO2: FALSE | GP2: FALSE | GQ2: FALSE | GR2: FALSE | GS2: FALSE | GT2: FALSE | GU2: FALSE | GV2: FALSE | GW2: FALSE | GX2: FALSE | GY2: FALSE | GZ2: FALSE | HA2: FALSE | HB2: FALSE | HC2: FALSE | HD2: FALSE | HE2: FALSE | HG2: {=TRANSPOSE(Personalstruktur!I69:I92)} -> FALSE | HH2: FALSE | HI2: FALSE | HJ2: FALSE | HK2: FALSE | HL2: FALSE | HM2: FALSE | HN2: FALSE | HO2: FALSE | HP2: FALSE | HQ2: FALSE | HR2: FALSE | HS2: FALSE | HT2: FALSE | HU2: FALSE | HV2: FALSE | HW2: FALSE | HX2: FALSE | HY2: FALSE | HZ2: FALSE | IA2: FALSE | IB2: FALSE | IC2: FALSE | ID2: FALSE | IF2: {=TRANSPOSE(Tarifentwicklung!E9:E36)} -> 0 | IG2: 0 | IH2: 0 | II2: 0 | IJ2: 0 | IK2: 0 | IL2: 0 | IM2: 0 | IN2: 0 | IO2: 0 | IP2: 0 | IQ2: 0 | IR2: 0 | IS2: 0 | IT2: 0 | IU2: 0 | IV2: 0 | IW2: 0 | IX2: 0 | IY2: 0 | IZ2: 0 | JA2: 0 | JB2: 0 | JC2: 0 | JD2: 0 | JE2: 0 | JF2: 0 | JG2: 0 | JI2: =Tarifentwicklung!D40 -> …... | JK2: {=TRANSPOSE(Tarifentwicklung!E46:E54)} -> 0 | JL2: 0 | JM2: 0 | JN2: 0 | JO2: 0 | JP2: 0 | JQ2: 0 | JR2: 0 | JS2: 0 | JU2: {=TRANSPOSE(Tarifentwicklung!F46:F54)} -> 0 | JV2: 0 | JW2: 0 | JX2: 0 | JY2: 0 | JZ2: 0 | KA2: 0 | KB2: 0 | KC2: 0 | KE2: =Tarifentwicklung!D57 -> "Bitte auswählen" | KG2: {=Tarifentwicklung!D63:F63} -> 0 | KH2: 0 | KI2: 0 | KJ2: {=Tarifentwicklung!D64:F64} -> 0 | KK2: 0 | KL2: 0 | KM2: {=Tarifentwicklung!D65:F65} -> 0 | KN2: 0 | KO2: 0 | KP2: {=Tarifentwicklung!D66:F66} -> 0 | KQ2: 0 | KR2: 0 | KS2: {=Tarifentwicklung!D67:F67} -> 0 | KT2: 0 | KU2: 0 | KW2: {=Tarifentwicklung!D71:F71} -> 0 | KX2: 0 | KY2: 0 | KZ2: {=Tarifentwicklung!D72:F72} -> 0 | LA2: 0 | LB2: 0 | LC2: {=Tarifentwicklung!D73:F73} -> 0 | LD2: 0 | LE2: 0 | LF2: {=Tarifentwicklung!D74:F74} -> 0 | LG2: 0 | LH2: 0 | LI2: {=Tarifentwicklung!D75:F75} -> 0 | LJ2: 0 | LK2: 0 | LM2: {=Tarifentwicklung!E79:F79} -> FALSE | LN2: FALSE | LP2: =Tarifentwicklung!E82 -> 0 | LR2: =Tarifentwicklung!D87 -> …... | LT2: =Tarifentwicklung!D93 -> …... | LV2: {=TRANSPOSE(Tarifentwicklung!E108:E124)} -> 0 | LW2: 0 | LX2: 0 | LY2: 0 | LZ2: 0 | MA2: 0 | MB2: 0 | MC2: 0 | MD2: 0 | ME2: 0 | MF2: 0 | MG2: 0 | MH2: 0 | MI2: 0 | MJ2: 0 | MK2: 0 | ML2: 0 | MN2: {=TRANSPOSE(Tarifentwicklung!F108:F124)} -> 0 | MO2: 0 | MP2: 0 | MQ2: 0 | MR2: 0 | MS2: 0 | MT2: 0 | MU2: 0 | MV2: 0 | MW2: 0 | MX2: 0 | MY2: 0 | MZ2: 0 | NA2: 0 | NB2: 0 | NC2: 0 | ND2: 0 | NF2: {=TRANSPOSE(Tarifentwicklung!G108:G124)} -> 0 | NG2: 0 | NH2: 0 | NI2: 0 | NJ2: 0 | NK2: 0 | NL2: 0 | NM2: 0 | NN2: 0 | NO2: 0 | NP2: 0 | NQ2: 0 | NR2: 0 | NS2: 0 | NT2: 0 | NU2: 0 | NV2: 0 | NX2: {=TRANSPOSE(Tarifentwicklung!E130:E146)} -> FALSE | NY2: FALSE | NZ2: FALSE | OA2: FALSE | OB2: FALSE | OC2: FALSE | OD2: FALSE | OE2: FALSE | OF2: FALSE | OG2: FALSE | OH2: FALSE | OI2: FALSE | OJ2: FALSE | OK2: FALSE | OL2: FALSE | OM2: FALSE | ON2: FALSE | OP2: {=TRANSPOSE(Tarifentwicklung!F130:F146)} -> FALSE | OQ2: FALSE | OR2: FALSE | OS2: FALSE | OT2: FALSE | OU2: FALSE | OV2: FALSE | OW2: FALSE | OX2: FALSE | OY2: FALSE | OZ2: FALSE | PA2: FALSE | PB2: FALSE | PC2: FALSE | PD2: FALSE | PE2: FALSE | PF2: FALSE | PH2: {=TRANSPOSE(Tarifentwicklung!G130:G146)} -> FALSE | PI2: FALSE | PJ2: FALSE | PK2: FALSE | PL2: FALSE | PM2: FALSE | PN2: FALSE | PO2: FALSE | PP2: FALSE | PQ2: FALSE | PR2: FALSE | PS2: FALSE | PT2: FALSE | PU2: FALSE | PV2: FALSE | PW2: FALSE | PX2: FALSE | PZ2: {=TRANSPOSE(Tarifentwicklung!H130:H146)} -> FALSE | QA2: FALSE | QB2: FALSE | QC2: FALSE | QD2: FALSE | QE2: FALSE | QF2: FALSE | QG2: FALSE | QH2: FALSE | QI2: FALSE | QJ2: FALSE | QK2: FALSE | QL2: FALSE | QM2: FALSE | QN2: FALSE | QO2: FALSE | QP2: FALSE | QR2: {=Öffnungsklauseln!E17:F17} -> FALSE | QS2: FALSE | QU2: {=Öffnungsklauseln!E21:H21} -> FALSE | QV2: FALSE | QW2: 0 | QX2: 0 | QZ2: {=Öffnungsklauseln!E22:H22} -> FALSE | RA2: FALSE | RB2: 0 | RC2: 0 | RE2: {=Öffnungsklauseln!E23:H23} -> FALSE | RF2: FALSE | RG2: 0 | RH2: 0 | RJ2: {=Öffnungsklauseln!E24:H24} -> FALSE | RK2: FALSE | RL2: 0 | RM2: 0 | RO2: {=Öffnungsklauseln!E25:H25} -> FALSE | RP2: FALSE | RQ2: 0 | RR2: 0 | RT2: {=Öffnungsklauseln!E26:H26} -> FALSE | RU2: FALSE | RV2: 0 | RW2: 0 | RY2: {=Öffnungsklauseln!E30:I30} -> FALSE | RZ2: FALSE | SA2: 0 | SB2: 0 | SC2: 0 | SE2: {=Öffnungsklauseln!E31:I31} -> FALSE | SF2: FALSE | SG2: 0 | SH2: 0 | SI2: 0 | SK2: {=Öffnungsklauseln!E32:I32} -> FALSE | SL2: FALSE | SM2: 0 | SN2: 0 | SO2: 0 | SQ2: {=Öffnungsklauseln!E33:I33} -> FALSE | SR2: FALSE | SS2: 0 | ST2: 0 | SU2: 0 | SW2: {=Öffnungsklauseln!E34:I34} -> FALSE | SX2: FALSE | SY2: 0 | SZ2: 0 | TA2: 0 | TC2: {=Öffnungsklauseln!E35:I35} -> FALSE | TD2: FALSE | TE2: 0 | TF2: 0 | TG2: 0 | TI2: =Öffnungsklauseln!D39 -> 0 | TK2: {=Sozialreformen!E13:I13} -> FALSE | TL2: FALSE | TM2: FALSE | TN2: FALSE | TO2: FALSE | TQ2: {=Sozialreformen!E14:I14} -> FALSE | TR2: FALSE | TS2: FALSE | TT2: FALSE | TU2: FALSE | TW2: {=Sozialreformen!E15:I15} -> FALSE | TX2: FALSE | TY2: FALSE | TZ2: FALSE | UA2: FALSE | UC2: {=Sozialreformen!E16:I16} -> FALSE | UD2: FALSE | UE2: FALSE | UF2: FALSE | UG2: FALSE | UI2: {=Sozialreformen!E17:I17} -> FALSE | UJ2: FALSE | UK2: FALSE | UL2: FALSE | UM2: FALSE | UO2: {=Sozialreformen!E18:I18} -> FALSE | UP2: FALSE | UQ2: FALSE | UR2: FALSE | US2: FALSE | UU2: {=Sozialreformen!E19:I19} -> FALSE | UV2: FALSE | UW2: FALSE | UX2: FALSE | UY2: FALSE | VA2: {=Sozialreformen!E20:I20} -> FALSE | VB2: FALSE | VC2: FALSE | VD2: FALSE | VE2: FALSE | VG2: {=TRANSPOSE(Sozialreformen!C25:C38)} -> FALSE | VH2: FALSE | VI2: FALSE | VJ2: FALSE | VK2: FALSE | VL2: FALSE | VM2: FALSE | VN2: FALSE | VO2: FALSE | VP2: FALSE | VQ2: FALSE | VR2: FALSE | VS2: FALSE | VT2: FALSE | VU2: =Sozialreformen!E38 -> 0 | VW2: {=Sozialreformen!E42:I42} -> FALSE | VX2: FALSE | VY2: FALSE | VZ2: FALSE | WA2: FALSE | WC2: {=Sozialreformen!E43:I43} -> FALSE | WD2: FALSE | WE2: FALSE | WF2: FALSE | WG2: FALSE | WI2: {=Sozialreformen!E44:I44} -> FALSE | WJ2: FALSE | WK2: FALSE | WL2: FALSE | WM2: FALSE | WO2: {=Sozialreformen!E45:I45} -> FALSE | WP2: FALSE | WQ2: FALSE | WR2: FALSE | WS2: FALSE | WU2: {=Sozialreformen!E46:I46} -> FALSE | WV2: FALSE | WW2: FALSE | WX2: FALSE | WY2: FALSE | XA2: {=Sozialreformen!E47:I47} -> FALSE | XB2: FALSE | XC2: FALSE | XD2: FALSE | XE2: FALSE | XG2: {=Sozialreformen!E48:I48} -> FALSE | XH2: FALSE | XI2: FALSE | XJ2: FALSE | XK2: FALSE | XM2: {=Sozialreformen!E49:I49} -> FALSE | XN2: FALSE | XO2: FALSE | XP2: FALSE | XQ2: FALSE | XS2: {=Sozialreformen!E50:I50} -> FALSE | XT2: FALSE | XU2: FALSE | XV2: FALSE | XW2: FALSE | XY2: =Sozialreformen!E52 -> 0 | YA2: {=TRANSPOSE(Sozialreformen!C56:C58)} -> FALSE | YB2: FALSE | YC2: FALSE | YE2: {=Geschäftsentwicklung!E9:G9} -> FALSE | YF2: FALSE | YG2: FALSE | YI2: {=Geschäftsentwicklung!E10:G10} -> FALSE | YJ2: FALSE | YK2: FALSE | YM2: {=Geschäftsentwicklung!E16:G16} -> FALSE | YN2: FALSE | YO2: FALSE | YQ2: {=Geschäftsentwicklung!E16:G16} -> FALSE | YR2: FALSE | YS2: FALSE | YU2: {=Geschäftsentwicklung!E17:G17} -> FALSE | YV2: FALSE | YW2: FALSE | YY2: {=Geschäftsentwicklung!E18:G18} -> FALSE | YZ2: FALSE | ZA2: FALSE | ZC2: {=Geschäftsentwicklung!E19:G19} -> FALSE | ZD2: FALSE | ZE2: FALSE | ZG2: {=Geschäftsentwicklung!E20:G20} -> FALSE | ZH2: FALSE | ZI2: FALSE | ZK2: {=Geschäftsentwicklung!E21:G21} -> FALSE | ZL2: FALSE | ZM2: FALSE | ZO2: {=Geschäftsentwicklung!E22:G22} -> FALSE | ZP2: FALSE | ZQ2: FALSE | ZS2: {=Geschäftsentwicklung!E26:I26} -> FALSE | ZT2: FALSE | ZU2: FALSE | ZV2: FALSE | ZW2: FALSE | ZY2: {=Geschäftsentwicklung!E27:I27} -> FALSE | ZZ2: FALSE | AAA2: FALSE | AAB2: FALSE | AAC2: FALSE | AAE2: {=Geschäftsentwicklung!E28:I28} -> FALSE | AAF2: FALSE | AAG2: FALSE | AAH2: FALSE | AAI2: FALSE | AAK2: {=Geschäftsentwicklung!E29:I29} -> FALSE | AAL2: FALSE | AAM2: FALSE | AAN2: FALSE | AAO2: FALSE | AAQ2: {=Geschäftsentwicklung!E30:I30} -> FALSE | AAR2: FALSE | AAS2: FALSE | AAT2: FALSE | AAU2: FALSE | AAW2: {=Geschäftsentwicklung!E31:I31} -> FALSE | AAX2: FALSE | AAY2: FALSE | AAZ2: FALSE | ABA2: FALSE | ABC2: {=Geschäftsentwicklung!E32:I32} -> FALSE | ABD2: FALSE | ABE2: FALSE | ABF2: FALSE | ABG2: FALSE | ABI2: {=Geschäftsentwicklung!E33:I33} -> FALSE | ABJ2: FALSE | ABK2: FALSE | ABL2: FALSE | ABM2: FALSE | ABO2: {=Geschäftsentwicklung!E34:I34} -> FALSE | ABP2: FALSE | ABQ2: FALSE | ABR2: FALSE | ABS2: FALSE | ABU2: {=Geschäftsentwicklung!E35:I35} -> FALSE | ABV2: FALSE | ABW2: FALSE | ABX2: FALSE | ABY2: FALSE | ACA2: {=Geschäftsentwicklung!E36:I36} -> FALSE | ACB2: FALSE | ACC2: FALSE | ACD2: FALSE | ACE2: FALSE | ACG2: {=Geschäftsentwicklung!E37:I37} -> FALSE | ACH2: FALSE | ACI2: FALSE | ACJ2: FALSE | ACK2: FALSE | ACM2: {=Geschäftsentwicklung!E38:I38} -> FALSE | ACN2: FALSE | ACO2: FALSE | ACP2: FALSE | ACQ2: FALSE | ACS2: {=Geschäftsentwicklung!E39:I39} -> FALSE | ACT2: FALSE | ACU2: FALSE | ACV2: FALSE | ACW2: FALSE | ACY2: {=Geschäftsentwicklung!E40:I40} -> FALSE | ACZ2: FALSE | ADA2: FALSE | ADB2: FALSE | ADC2: FALSE | ADE2: {=Geschäftsentwicklung!E41:I41} -> FALSE | ADF2: FALSE | ADG2: FALSE | ADH2: FALSE | ADI2: FALSE | ADK2: {=Geschäftsentwicklung!E42:I42} -> FALSE | ADL2: FALSE | ADM2: FALSE | ADN2: FALSE | ADO2: FALSE | ADQ2: {=Geschäftsentwicklung!E43:I43} -> FALSE | ADR2: FALSE | ADS2: FALSE | ADT2: FALSE | ADU2: FALSE | ADW2: {=Geschäftsentwicklung!E44:I44} -> FALSE | ADX2: FALSE | ADY2: FALSE | ADZ2: FALSE | AEA2: FALSE | AEC2: =Geschäftsentwicklung!D48 -> 0 | AEE2: {=TRANSPOSE(Geschäftsentwicklung!C57:C61)} -> FALSE | AEF2: FALSE | AEG2: FALSE | AEH2: FALSE | AEI2: FALSE | AEK2: {=Geschäftsentwicklung!E66:F66} -> 0 | AEL2: 0 | AEM2: {=Geschäftsentwicklung!E67:F67} -> 0 | AEN2: 0 | AEO2: {=Geschäftsentwicklung!E68:F68} -> 0 | AEP2: 0 | AEQ2: {=Geschäftsentwicklung!E69:F69} -> 0 | AER2: 0 | AET2: {=Geschäftsentwicklung!E74:I74} -> 0 | AEU2: 0 | AEV2: 0 | AEW2: 0 | AEX2: 0 | AEZ2: {=Geschäftsentwicklung!E75:I75} -> 0 | AFA2: 0 | AFB2: 0 | AFC2: 0 | AFD2: 0 | AFF2: {=Geschäftsentwicklung!E76:I76} -> 0 | AFG2: 0 | AFH2: 0 | AFI2: 0 | AFJ2: 0 | AFL2: {=Geschäftsentwicklung!E77:I77} -> 0 | AFM2: 0 | AFN2: 0 | AFO2: 0 | AFP2: 0 | AFR2: {=Geschäftsentwicklung!E78:I78} -> 0 | AFS2: 0 | AFT2: 0 | AFU2: 0 | AFV2: 0 | AFX2: {=Geschäftsentwicklung!E79:I79} -> 0 | AFY2: 0 | AFZ2: 0 | AGA2: 0 | AGB2: 0 | AGD2: {=Geschäftsentwicklung!E80:I80} -> 0 | AGE2: 0 | AGF2: 0 | AGG2: 0 | AGH2: 0 | AGJ2: {=TRANSPOSE(Geschäftsentwicklung!C83:C89)} -> FALSE | AGK2: FALSE | AGL2: FALSE | AGM2: FALSE | AGN2: FALSE | AGO2: FALSE | AGP2: FALSE | AGR2: ='Kosten, Cyber, Nachhaltigk.'!C15 -> 0 | AGT2: ='Kosten, Cyber, Nachhaltigk.'!D20 -> 0 | AGV2: ='Kosten, Cyber, Nachhaltigk.'!C27 -> 0 | AGX2: ='Kosten, Cyber, Nachhaltigk.'!D31 -> 0 | AGZ2: {=TRANSPOSE('Kosten, Cyber, Nachhaltigk.'!C41:C43)} -> 0 | AHA2: 0 | AHB2: 0 | AHD2: {=TRANSPOSE('Kosten, Cyber, Nachhaltigk.'!C47:C51)} -> 0 | AHE2: 0 | AHF2: 0 | AHG2: 0 | AHH2: 0 | AHJ2: {=TRANSPOSE('Kosten, Cyber, Nachhaltigk.'!C55:C56)} -> 0 | AHK2: 0 | AHL2: ='Kosten, Cyber, Nachhaltigk.'!D57 -> ….. | AHN2: {=TRANSPOSE('Kosten, Cyber, Nachhaltigk.'!C61:C64)} -> 0 | AHO2: 0 | AHP2: 0 | AHQ2: 0 | AHS2: {=TRANSPOSE('Kosten, Cyber, Nachhaltigk.'!C69:C73)} -> 0 | AHT2: 0 | AHU2: 0 | AHV2: 0 | AHW2: 0 | AHY2: {=TRANSPOSE('Kosten, Cyber, Nachhaltigk.'!C77:C79)} -> 0 | AHZ2: 0 | AIA2: 0 | AIC2: {=TRANSPOSE('Kosten, Cyber, Nachhaltigk.'!C82:C87)} -> 0 | AID2: 0 | AIE2: 0 | AIF2: 0 | AIG2: 0 | AIH2: 0
AEI7: Altenhilfe
AEI8: Eingliederungshilfe
AEI9: Sozialpädagogische Familienhilfe
AEI10: Hilfen für Menschen in besonderen sozialen Situationen
AEI11: Kinder- und Jugendhilfe
AEI12: Krankenhilfe
AEI13: Sonstige Hilfen
